Workbook
Name C_Despesa: '[1]Dades auxiliars'!$N$1:$N$9
Name Dades_Servei: '[2]Dades auxiliars'!$A$1:$J$262
Name T_Despesa: '[1]Dades auxiliars'!$M$1:$M$5

Sheet Càlcul pressupost 
A1: AM OSAM (3+2) | F1: 36 mesos
A2: Data inici contracte | B2: 45139 | F2: 2 transició
A3: Data inici servei | B3: 45202 | F3: 34 servei
A4: Data fi del contracte | B4: 46234 | G4: 12 | H4: 12 | I4: 7
A5: Data inici possible pròrroga | B5: 46235 | E5: Servei | F5: Import 2023 | G5: Import 2024 | H5: Import 2025 | I5: Import 2026 | J5: Import Total IVA inclòs | K5: Import Total IVA exclòs
A6: Data màxima fi pròrroga | B6: 46965 | C6: Treball fet real en incidència. Es paga al final | E6: Manteniment correctiu | F6: =+H24 -> 11994.51 | G6: =+H40 -> 47978.04 | H6: =+H56 -> 47978.04 | I6: =H72 -> 27987.19 | J6: =SUM(F6:I6) -> 135937.78 | K6: =+ROUND(J6/1.21,2) -> 112345.27
C7: Treball valorat i acceptat. Es paga al final | E7: Manteniment recurrent | F7: =+K24+V24 -> 68442.009 | G7: =+K40 -> 213849.46 | H7: =+K56 -> 228849.46 | I7: =K72 -> 133495.53 | J7: =SUM(F7:I7) -> 644636.46 | K7: =+ROUND(J7/1.21,2) -> 532757.4
C8: Treball valorat i acceptat. Es paga al final | E8: Serveis d'evolutius recurrents | F8: =N24 -> 80000 | G8: =N40 -> 150000 | H8: =N56 -> 80000 | I8: =N72 -> 47000 | J8: =SUM(F8:I8) -> 357000 | K8: =+ROUND(J8/1.21,2) -> 295041.32
C9: Tarifa plana | E9: Serveis Transversals de Manteniment | F9: =+Q24 -> 123132.31 | G9: =+Q40+R40 -> 495028.2 | H9: =+Q56+R56 -> 495028.2 | I9: =Q72 -> 287308.71 | J9: =SUM(F9:I9) -> 1400497.4 | K9: =+ROUND(J9/1.21,2) -> 1157435.9
E10: Import total licitació | F10: =SUM(F6:F9) -> 283568.83 | G10: =SUM(G6:G9) -> 906855.7 | H10: =SUM(H6:H9) -> 851855.7 | I10: =SUM(I6:I9) -> 495791.43 | J10: =SUM(J6:J9) -> 2538071.7 | K10: =SUM(K6:K9) -> 2097579.9
F12: =+F6+F7+F9 -> 203568.83 | G12: =+G6+G7+G9 -> 756855.7 | H12: =+H6+H7+H9 -> 771855.7 | I12: =+I6+I7+I9 -> 448791.43 | J12: =+J6+J7+J9 -> 2181071.7 | K12: =+K6+K7+K9 -> 1802538.5
A13: ANY 2023 2 mesos de transició + 3 mesos de servei | E13: 3
B14: Servei | C14: Nom Servei | D14: Codi Aplicació | E14: Nom Aplicació | F14: IT Manteniment correctiu | G14: Preu/hora | H14: € Manteniment correctiu | I14: PT Manteniment recurrent | J14: Preu/hora | K14: € Manteniment recurrent | L14: PT Evolutius recurrents | M14: Preu/hora | N14: € Evolutius recurrents | O14: TT Serveis Transversals de Manteniment | P14: Preu/hora | Q14: € STM | R14: € Llicències | S14: Data inici transició | T14: Data inici servei | U14: Mesos transició | V14: € Transició (recurrent) | W14: TOTAL
B15: SER0299 | C15: Servei Aplicacions Mobils | D15: N/A | E15: OSAM - Aplicacions mòbils | F15: 155.97542 | G15: =+Perfils!$G$41 -> 76.9 | H15: =ROUND(F15*G15,2) -> 11994.51 | I15: 138.30273 | J15: =+Perfils!$G$59 -> 76.9 | K15: =ROUND(I15*J15,2) -> 10635.48 | L15: 0 | M15: =+Perfils!$G$77 -> 76.9 | N15: =ROUND(L15*M15,2) -> 0 | O15: 1190.7375 | P15: =+Perfils!$G$96 -> 76.9 | Q15: =ROUND(O15*P15,2) -> 91567.71 | R15: 2499 | S15: =+$B$2 -> 45139 | T15: =+$B$3 -> 45202 | U15: 2 | V15: 19032.949 | W15: =+H15+K15+Q15+R15 -> 116696.7
B16: SER0299 | C16: Servei Aplicacions Mobils | D16: APP0481 | E16: Palantir Mobile | F16: 0 | G16: =+Perfils!$G$41 -> 76.9 | H16: =ROUND(F16*G16,2) -> 0 | I16: 97.529259 | J16: =+Perfils!$G$59 -> 76.9 | K16: =ROUND(I16*J16,2) -> 7500 | L16: 195.05852 | M16: =+Perfils!$G$77 -> 76.9 | N16: =ROUND(L16*M16,2) -> 15000 | O16: 0 | P16: =+Perfils!$G$96 -> 76.9 | Q16: =ROUND(O16*P16,2) -> 0 | R16: 0 | S16: =+$B$2 -> 45139 | T16: =+$B$3 -> 45202 | U16: 2 | V16: 1250 | W16: =+H16+K16+Q16+R16+V16 -> 8750
B17: SER0299 | C17: Servei Aplicacions Mobils | D17: N/A | E17: Aplicació de gestió de mòduls i serveis comuns de la OSAM | F17: 0 | G17: =+Perfils!$G$41 -> 76.9 | H17: =ROUND(F17*G17,2) -> 0 | I17: 0 | J17: =+Perfils!$G$59 -> 76.9 | K17: =ROUND(I17*J17,2) -> 0 | L17: 0 | M17: =+Perfils!$G$77 -> 76.9 | N17: =ROUND(L17*M17,2) -> 0 | O17: 0 | P17: =+Perfils!$G$96 -> 76.9 | Q17: =ROUND(O17*P17,2) -> 0 | R17: 0 | S17: =+$B$2 -> 45139 | T17: =+$B$3 -> 45202 | U17: 2 | V17: 0 | W17: =+H17+K17+Q17+R17+V17 -> 0
B18: SER0299 | C18: Servei Aplicacions Mobils | D18: N/A | E18: Barcelona a la Butxaca | F18: 0 | G18: =+Perfils!$G$41 -> 76.9 | H18: =ROUND(F18*G18,2) -> 0 | I18: 245.44863 | J18: =+Perfils!$G$59 -> 76.9 | K18: =ROUND(I18*J18,2) -> 18875 | L18: 0 | M18: =+Perfils!$G$77 -> 76.9 | N18: =ROUND(L18*M18,2) -> 0 | O18: 0 | P18: =+Perfils!$G$96 -> 76.9 | Q18: =ROUND(O18*P18,2) -> 0 | R18: 0 | S18: =+$B$2 -> 45139 | T18: =+$B$3 -> 45202 | U18: 2 | V18: 3145.8333 | W18: =+H18+K18+Q18+R18+V18 -> 22020.833
B19: SER0299 | C19: Servei Aplicacions Mobils | D19: N/A | E19: La Mercè | F19: 0 | G19: =+Perfils!$G$41 -> 76.9 | H19: =ROUND(F19*G19,2) -> 0 | I19: 0 | J19: =+Perfils!$G$59 -> 76.9 | K19: =ROUND(I19*J19,2) -> 0 | L19: 0 | M19: =+Perfils!$G$77 -> 76.9 | N19: =ROUND(L19*M19,2) -> 0 | O19: 0 | P19: =+Perfils!$G$96 -> 76.9 | Q19: =ROUND(O19*P19,2) -> 0 | R19: 0 | S19: =+$B$2 -> 45139 | T19: =+$B$3 -> 45202 | U19: 2 | V19: 2072.4275 | W19: =+H19+K19+Q19+R19+V19 -> 2072.4275
B20: SER0299 | C20: Servei Aplicacions Mobils | D20: N/A | E20: BCN Llum | F20: 0 | G20: =+Perfils!$G$41 -> 76.9 | H20: =ROUND(F20*G20,2) -> 0 | I20: 0 | J20: =+Perfils!$G$59 -> 76.9 | K20: =ROUND(I20*J20,2) -> 0 | L20: 845.25358 | M20: =+Perfils!$G$77 -> 76.9 | N20: =ROUND(L20*M20,2) -> 65000 | O20: 0 | P20: =+Perfils!$G$96 -> 76.9 | Q20: =ROUND(O20*P20,2) -> 0 | R20: 0 | S20: =+$B$2 -> 45139 | T20: =+$B$3 -> 45202 | U20: 2 | V20: 669.55333 | W20: =+H20+K20+Q20+R20+V20 -> 669.55333
B21: SER0630 | C21: Aplicacions mobilitat BSM | D21: N/A | E21: Aplicacions mobilitat BSM | F21: 0 | G21: =+Perfils!$G$41 -> 76.9 | H21: =ROUND(F21*G21,2) -> 0 | I21: 0 | J21: =+Perfils!$G$59 -> 76.9 | K21: =ROUND(I21*J21,2) -> 0 | L21: 0 | M21: =+Perfils!$G$77 -> 76.9 | N21: =ROUND(L21*M21,2) -> 0 | O21: 236.3277 | P21: =+Perfils!$G$96 -> 76.9 | Q21: =ROUND(O21*P21,2) -> 18173.6 | R21: 0 | S21: =+$B$2 -> 45139 | T21: =+$B$3 -> 45202 | U21: 2 | V21: 3028.9325 | W21: =+H21+K21+Q21+R21+V21 -> 21202.532
B22: SER0393 | C22: Vincles | D22: N/A | E22: BCN+65 | F22: 0 | G22: =+Perfils!$G$41 -> 76.9 | H22: =ROUND(F22*G22,2) -> 0 | I22: 0 | J22: =+Perfils!$G$59 -> 76.9 | K22: =ROUND(I22*J22,2) -> 0 | L22: 0 | M22: =+Perfils!$G$77 -> 76.9 | N22: =ROUND(L22*M22,2) -> 0 | O22: 174.13524 | P22: =+Perfils!$G$96 -> 76.9 | Q22: =ROUND(O22*P22,2) -> 13391 | R22: 0 | S22: =+$B$2 -> 45139 | T22: =+$B$3 -> 45202 | U22: 2 | V22: 2231.8333 | W22: =+H22+K22+Q22+R22+V22 -> 15622.833
B23: SER9999 | C23: Genèric | D23: APP9999 | E23: Genèric | F23: 0 | G23: =+Perfils!$G$41 -> 76.9 | H23: =ROUND(F23*G23,2) -> 0 | I23: 0 | J23: =+Perfils!$G$59 -> 76.9 | K23: =ROUND(I23*J23,2) -> 0 | L23: 0 | M23: =+Perfils!$G$77 -> 76.9 | N23: =ROUND(L23*M23,2) -> 0 | O23: 0 | P23: =+Perfils!$G$96 -> 76.9 | Q23: =ROUND(O23*P23,2) -> 0 | R23: 0 | S23: =+$B$2 -> 45139 | T23: =+$B$3 -> 45202 | U23: 0 | V23: 0 | W23: =+H23+K23+Q23+R23+V23 -> 0
B24: Total | F24: =SUM(F15:F23) -> 155.97542 | H24: =SUM(H15:H23) -> 11994.51 | I24: =SUM(I15:I23) -> 481.28062 | K24: =SUM(K15:K23) -> 37010.48 | L24: =SUM(L15:L23) -> 1040.3121 | N24: =SUM(N15:N23) -> 80000 | O24: =SUM(O15:O23) -> 1601.2004 | Q24: =SUM(Q15:Q23) -> 123132.31 | R24: =SUM(R15:R23) -> 2499 | V24: =SUM(V15:V23) -> 31431.529 | W24: =SUM(W15:W23) -> 187034.88
H25: =Q6 -> 0 | K25: =Q7 -> 0
E26: FTE | F26: =(F24/$E$13/8)/20 -> 0.3249488 | I26: =(I24/$E$13/8)/20 -> 1.002668 | L26: =(L24/$E$13/8)/20 -> 2.1673169 | O26: =(O24/$E$13/8)/20 -> 3.3358341 | Q26: =Q25/P23 -> 0 | S26: =SUM(I26:R26) -> 6.505819
A29: ANYS 2024 | D29: Mesos | E29: 12
B30: Servei | C30: Nom Servei | D30: Codi Aplicació | E30: Nom Aplicació | F30: IT Manteniment correctiu | G30: Preu/hora | H30: € Manteniment correctiu | I30: PT Manteniment recurrent | J30: Preu/hora | K30: € Manteniment recurrent | L30: PT Evolutius recurrents | M30: Preu/hora | N30: € Evolutius recurrents | O30: TT Serveis Transversals de Manteniment | P30: Preu/hora | Q30: € STM | R30: € Llicències | S30: TOTAL
B31: SER0299 | C31: Servei Aplicacions Mobils | D31: N/A | E31: OSAM - Aplicacions mòbils | F31: 623.90169 | G31: =+Perfils!$G$41 -> 76.9 | H31: =ROUND(F31*G31,2) -> 47978.04 | I31: 553.21092 | J31: =+Perfils!$G$59 -> 76.9 | K31: =ROUND(I31*J31,2) -> 42541.92 | L31: 0 | M31: =+Perfils!$G$77 -> 76.9 | N31: =ROUND(L31*M31,2) -> 0 | O31: 4762.9495 | P31: =+Perfils!$G$96 -> 76.9 | Q31: =ROUND(O31*P31,2) -> 366270.82 | R31: 2499 | S31: =+H31+K31+Q31+R31 -> 459289.78
B32: SER0299 | C32: Servei Aplicacions Mobils | D32: APP0481 | E32: Palantir Mobile | F32: 0 | G32: =+Perfils!$G$41 -> 76.9 | H32: =ROUND(F32*G32,2) -> 0 | I32: 390.11704 | J32: =+Perfils!$G$59 -> 76.9 | K32: =ROUND(I32*J32,2) -> 30000 | L32: 260.07802 | M32: =+Perfils!$G$77 -> 76.9 | N32: =ROUND(L32*M32,2) -> 20000 | O32: 0 | P32: =+Perfils!$G$96 -> 76.9 | Q32: =ROUND(O32*P32,2) -> 0 | R32: 0 | S32: =+H32+K32+Q32+R32 -> 30000
B33: SER0299 | C33: Servei Aplicacions Mobils | D33: N/A | E33: Aplicació de gestió de mòduls i serveis comuns de la OSAM | F33: 0 | G33: =+Perfils!$G$41 -> 76.9 | H33: =ROUND(F33*G33,2) -> 0 | I33: 0 | J33: =+Perfils!$G$59 -> 76.9 | K33: =ROUND(I33*J33,2) -> 0 | L33: 650.19506 | M33: =+Perfils!$G$77 -> 76.9 | N33: =ROUND(L33*M33,2) -> 50000 | O33: 0 | P33: =+Perfils!$G$96 -> 76.9 | Q33: =ROUND(O33*P33,2) -> 0 | R33: 0 | S33: =+H33+K33+Q33+R33 -> 0
B34: SER0299 | C34: Servei Aplicacions Mobils | D34: N/A | E34: Barcelona a la Butxaca | F34: 0 | G34: =+Perfils!$G$41 -> 76.9 | H34: =ROUND(F34*G34,2) -> 0 | I34: 981.79454 | J34: =+Perfils!$G$59 -> 76.9 | K34: =ROUND(I34*J34,2) -> 75500 | L34: 1040.3121 | M34: =+Perfils!$G$77 -> 76.9 | N34: =ROUND(L34*M34,2) -> 80000 | O34: 0 | P34: =+Perfils!$G$96 -> 76.9 | Q34: =ROUND(O34*P34,2) -> 0 | R34: 0 | S34: =+H34+K34+Q34+R34 -> 75500
B35: SER0299 | C35: Servei Aplicacions Mobils | D35: N/A | E35: La Mercè | F35: 0 | G35: =+Perfils!$G$41 -> 76.9 | H35: =ROUND(F35*G35,2) -> 0 | I35: 646.79142 | J35: =+Perfils!$G$59 -> 76.9 | K35: =ROUND(I35*J35,2) -> 49738.26 | L35: 0 | M35: =+Perfils!$G$77 -> 76.9 | N35: =ROUND(L35*M35,2) -> 0 | O35: 0 | P35: =+Perfils!$G$96 -> 76.9 | Q35: =ROUND(O35*P35,2) -> 0 | R35: 0 | S35: =+H35+K35+Q35+R35 -> 49738.26
B36: SER0299 | C36: Servei Aplicacions Mobils | D36: N/A | E36: BCN Llum | F36: 0 | G36: =+Perfils!$G$41 -> 76.9 | H36: =ROUND(F36*G36,2) -> 0 | I36: 208.96333 | J36: =+Perfils!$G$59 -> 76.9 | K36: =ROUND(I36*J36,2) -> 16069.28 | L36: 0 | M36: =+Perfils!$G$77 -> 76.9 | N36: =ROUND(L36*M36,2) -> 0 | O36: 0 | P36: =+Perfils!$G$96 -> 76.9 | Q36: =ROUND(O36*P36,2) -> 0 | R36: 0 | S36: =+H36+K36+Q36+R36 -> 16069.28
B37: SER0630 | C37: Aplicacions mobilitat BSM | D37: N/A | E37: Aplicacions mobilitat BSM | F37: 0 | G37: =+Perfils!$G$41 -> 76.9 | H37: =ROUND(F37*G37,2) -> 0 | I37: 0 | J37: =+Perfils!$G$59 -> 76.9 | K37: =ROUND(I37*J37,2) -> 0 | L37: 0 | M37: =+Perfils!$G$77 -> 76.9 | N37: =ROUND(L37*M37,2) -> 0 | O37: 945.31053 | P37: =+Perfils!$G$96 -> 76.9 | Q37: =ROUND(O37*P37,2) -> 72694.38 | R37: 0 | S37: =+H37+K37+Q37+R37 -> 72694.38
B38: SER0393 | C38: Vincles | D38: N/A | E38: BCN+65 | F38: 0 | G38: =+Perfils!$G$41 -> 76.9 | H38: =ROUND(F38*G38,2) -> 0 | I38: 0 | J38: =+Perfils!$G$59 -> 76.9 | K38: =ROUND(I38*J38,2) -> 0 | L38: 0 | M38: =+Perfils!$G$77 -> 76.9 | N38: =ROUND(L38*M38,2) -> 0 | O38: 696.54096 | P38: =+Perfils!$G$96 -> 76.9 | Q38: =ROUND(O38*P38,2) -> 53564 | R38: 0 | S38: =+H38+K38+Q38+R38 -> 53564
B39: SER9999 | C39: Genèric | D39: APP9999 | E39: Genèric | F39: 0 | G39: =+Perfils!$G$41 -> 76.9 | H39: =ROUND(F39*G39,2) -> 0 | I39: 0 | J39: =+Perfils!$G$59 -> 76.9 | K39: =ROUND(I39*J39,2) -> 0 | L39: 0 | M39: =+Perfils!$G$77 -> 76.9 | N39: =ROUND(L39*M39,2) -> 0 | O39: 0 | P39: =+Perfils!$G$96 -> 76.9 | Q39: =ROUND(O39*P39,2) -> 0 | R39: 0 | S39: =+H39+K39+Q39+R39 -> 0
B40: Total | F40: =SUM(F31:F39) -> 623.90169 | H40: =SUM(H31:H39) -> 47978.04 | I40: =SUM(I31:I39) -> 2780.8772 | K40: =SUM(K31:K39) -> 213849.46 | L40: =SUM(L31:L39) -> 1950.5852 | N40: =SUM(N31:N39) -> 150000 | O40: =SUM(O31:O39) -> 6404.801 | Q40: =SUM(Q31:Q39) -> 492529.2 | R40: =SUM(R31:R39) -> 2499 | S40: =SUM(S31:S39) -> 756855.7
E42: FTE | F42: =(F40/$E$29/8)/20 -> 0.3249488 | I42: =(I40/$E$29/8)/20 -> 1.4483736 | L42: =(L40/$E$29/8)/20 -> 1.0159298 | O42: =(O40/$E$29/8)/20 -> 3.3358339 | S42: =SUM(F42:R42) -> 6.125086
A45: ANYS 2025 | D45: Mesos | E45: 12
B46: Servei | C46: Nom Servei | D46: Codi Aplicació | E46: Nom Aplicació | F46: IT Manteniment correctiu | G46: Preu/hora | H46: € Manteniment correctiu | I46: PT Manteniment recurrent | J46: Preu/hora | K46: € Manteniment recurrent | L46: PT Evolutius recurrents | M46: Preu/hora | N46: € Evolutius recurrents | O46: TT Serveis Transversals de Manteniment | P46: Preu/hora | Q46: € STM | R46: € Llicències | S46: TOTAL
B47: SER0299 | C47: Servei Aplicacions Mobils | D47: N/A | E47: OSAM - Aplicacions mòbils | F47: 623.90169 | G47: =+Perfils!$G$41 -> 76.9 | H47: =ROUND(F47*G47,2) -> 47978.04 | I47: 553.21092 | J47: =+Perfils!$G$59 -> 76.9 | K47: =ROUND(I47*J47,2) -> 42541.92 | L47: 0 | M47: =+Perfils!$G$77 -> 76.9 | N47: =ROUND(L47*M47,2) -> 0 | O47: 4762.9495 | P47: =+Perfils!$G$96 -> 76.9 | Q47: =ROUND(O47*P47,2) -> 366270.82 | R47: 2499 | S47: =+H47+K47+Q47+R47 -> 459289.78
B48: SER0299 | C48: Servei Aplicacions Mobils | D48: APP0481 | E48: Palantir Mobile | F48: 0 | G48: =+Perfils!$G$41 -> 76.9 | H48: =ROUND(F48*G48,2) -> 0 | I48: 390.11704 | J48: =+Perfils!$G$59 -> 76.9 | K48: =ROUND(I48*J48,2) -> 30000 | L48: 0 | M48: =+Perfils!$G$77 -> 76.9 | N48: =ROUND(L48*M48,2) -> 0 | O48: 0 | P48: =+Perfils!$G$96 -> 76.9 | Q48: =ROUND(O48*P48,2) -> 0 | R48: 0 | S48: =+H48+K48+Q48+R48 -> 30000
B49: SER0299 | C49: Servei Aplicacions Mobils | D49: N/A | E49: Aplicació de gestió de mòduls i serveis comuns de la OSAM | F49: 0 | G49: =+Perfils!$G$41 -> 76.9 | H49: =ROUND(F49*G49,2) -> 0 | I49: 195.05852 | J49: =+Perfils!$G$59 -> 76.9 | K49: =ROUND(I49*J49,2) -> 15000 | L49: 0 | M49: =+Perfils!$G$77 -> 76.9 | N49: =ROUND(L49*M49,2) -> 0 | O49: 0 | P49: =+Perfils!$G$96 -> 76.9 | Q49: =ROUND(O49*P49,2) -> 0 | R49: 0 | S49: =+H49+K49+Q49+R49 -> 15000
B50: SER0299 | C50: Servei Aplicacions Mobils | D50: N/A | E50: Barcelona a la Butxaca | F50: 0 | G50: =+Perfils!$G$41 -> 76.9 | H50: =ROUND(F50*G50,2) -> 0 | I50: 981.79454 | J50: =+Perfils!$G$59 -> 76.9 | K50: =ROUND(I50*J50,2) -> 75500 | L50: 1040.3121 | M50: =+Perfils!$G$77 -> 76.9 | N50: =ROUND(L50*M50,2) -> 80000 | O50: 0 | P50: =+Perfils!$G$96 -> 76.9 | Q50: =ROUND(O50*P50,2) -> 0 | R50: 0 | S50: =+H50+K50+Q50+R50 -> 75500
B51: SER0299 | C51: Servei Aplicacions Mobils | D51: N/A | E51: La Mercè | F51: 0 | G51: =+Perfils!$G$41 -> 76.9 | H51: =ROUND(F51*G51,2) -> 0 | I51: 646.79142 | J51: =+Perfils!$G$59 -> 76.9 | K51: =ROUND(I51*J51,2) -> 49738.26 | L51: 0 | M51: =+Perfils!$G$77 -> 76.9 | N51: =ROUND(L51*M51,2) -> 0 | O51: 0 | P51: =+Perfils!$G$96 -> 76.9 | Q51: =ROUND(O51*P51,2) -> 0 | R51: 0 | S51: =+H51+K51+Q51+R51 -> 49738.26
B52: SER0299 | C52: Servei Aplicacions Mobils | D52: N/A | E52: BCN Llum | F52: 0 | G52: =+Perfils!$G$41 -> 76.9 | H52: =ROUND(F52*G52,2) -> 0 | I52: 208.96333 | J52: =+Perfils!$G$59 -> 76.9 | K52: =ROUND(I52*J52,2) -> 16069.28 | L52: 0 | M52: =+Perfils!$G$77 -> 76.9 | N52: =ROUND(L52*M52,2) -> 0 | O52: 0 | P52: =+Perfils!$G$96 -> 76.9 | Q52: =ROUND(O52*P52,2) -> 0 | R52: 0 | S52: =+H52+K52+Q52+R52 -> 16069.28
B53: SER0630 | C53: Aplicacions mobilitat BSM | D53: N/A | E53: Aplicacions mobilitat BSM | F53: 0 | G53: =+Perfils!$G$41 -> 76.9 | H53: =ROUND(F53*G53,2) -> 0 | I53: 0 | J53: =+Perfils!$G$59 -> 76.9 | K53: =ROUND(I53*J53,2) -> 0 | L53: 0 | M53: =+Perfils!$G$77 -> 76.9 | N53: =ROUND(L53*M53,2) -> 0 | O53: 945.31053 | P53: =+Perfils!$G$96 -> 76.9 | Q53: =ROUND(O53*P53,2) -> 72694.38 | R53: 0 | S53: =+H53+K53+Q53+R53 -> 72694.38
B54: SER0393 | C54: Vincles | D54: N/A | E54: BCN+65 | F54: 0 | G54: =+Perfils!$G$41 -> 76.9 | H54: =ROUND(F54*G54,2) -> 0 | I54: 0 | J54: =+Perfils!$G$59 -> 76.9 | K54: =ROUND(I54*J54,2) -> 0 | L54: 0 | M54: =+Perfils!$G$77 -> 76.9 | N54: =ROUND(L54*M54,2) -> 0 | O54: 696.54096 | P54: =+Perfils!$G$96 -> 76.9 | Q54: =ROUND(O54*P54,2) -> 53564 | R54: 0 | S54: =+H54+K54+Q54+R54 -> 53564
B55: SER9999 | C55: Genèric | D55: APP9999 | E55: Genèric | F55: 0 | G55: =+Perfils!$G$41 -> 76.9 | H55: =ROUND(F55*G55,2) -> 0 | I55: 0 | J55: =+Perfils!$G$59 -> 76.9 | K55: =ROUND(I55*J55,2) -> 0 | L55: 0 | M55: =+Perfils!$G$77 -> 76.9 | N55: =ROUND(L55*M55,2) -> 0 | O55: 0 | P55: =+Perfils!$G$96 -> 76.9 | Q55: =ROUND(O55*P55,2) -> 0 | R55: 0 | S55: =+H55+K55+Q55+R55 -> 0
B56: Total | F56: =SUM(F47:F55) -> 623.90169 | H56: =SUM(H47:H55) -> 47978.04 | I56: =SUM(I47:I55) -> 2975.9358 | K56: =SUM(K47:K55) -> 228849.46 | L56: =SUM(L47:L55) -> 1040.3121 | N56: =SUM(N47:N55) -> 80000 | O56: =SUM(O47:O55) -> 6404.801 | Q56: =SUM(Q47:Q55) -> 492529.2 | R56: =SUM(R47:R55) -> 2499 | S56: =SUM(S47:S55) -> 771855.7
E58: FTE | F58: =(F56/$E$45/8)/20 -> 0.3249488 | I58: =(I56/$E$45/8)/20 -> 1.5499665 | L58: =(L56/$E$45/8)/20 -> 0.54182922 | O58: =(O56/$E$45/8)/20 -> 3.3358339 | S58: =SUM(F58:R58) -> 5.7525784
A61: ANY 2026 7 mesos de servei | D61: Mesos | E61: 7
B62: Servei | C62: Nom Servei | D62: Codi Aplicació | E62: Nom Aplicació | F62: IT Manteniment correctiu | G62: Preu/hora | H62: € Manteniment correctiu | I62: PT Manteniment recurrent | J62: Preu/hora | K62: € Manteniment recurrent | L62: PT Evolutius recurrents | M62: Preu/hora | N62: € Evolutius recurrents | O62: TT Serveis Transversals de Manteniment | P62: Preu/hora | Q62: € STM | R62: € Llicències | S62: TOTAL
B63: SER0299 | C63: Servei Aplicacions Mobils | D63: N/A | E63: OSAM - Aplicacions mòbils | F63: 363.94265 | G63: =+Perfils!$G$41 -> 76.9 | H63: =ROUND(F63*G63,2) -> 27987.19 | I63: 322.70637 | J63: =+Perfils!$G$59 -> 76.9 | K63: =ROUND(I63*J63,2) -> 24816.12 | L63: 0 | M63: =+Perfils!$G$77 -> 76.9 | N63: =ROUND(L63*M63,2) -> 0 | O63: 2778.3873 | P63: =+Perfils!$G$96 -> 76.9 | Q63: =ROUND(O63*P63,2) -> 213657.98 | R63: 0 | S63: =+H63+K63+Q63+R63 -> 266461.29
B64: SER0299 | C64: Servei Aplicacions Mobils | D64: APP0481 | E64: Palantir Mobile | F64: 0 | G64: =+Perfils!$G$41 -> 76.9 | H64: =ROUND(F64*G64,2) -> 0 | I64: 227.56827 | J64: =+Perfils!$G$59 -> 76.9 | K64: =ROUND(I64*J64,2) -> 17500 | L64: 0 | M64: =+Perfils!$G$77 -> 76.9 | N64: =ROUND(L64*M64,2) -> 0 | O64: 0 | P64: =+Perfils!$G$96 -> 76.9 | Q64: =ROUND(O64*P64,2) -> 0 | R64: 0 | S64: =+H64+K64+Q64+R64 -> 17500
B65: SER0299 | C65: Servei Aplicacions Mobils | D65: N/A | E65: Aplicació de gestió de mòduls i serveis comuns de la OSAM | F65: 0 | G65: =+Perfils!$G$41 -> 76.9 | H65: =ROUND(F65*G65,2) -> 0 | I65: 113.78414 | J65: =+Perfils!$G$59 -> 76.9 | K65: =ROUND(I65*J65,2) -> 8750 | L65: 0 | M65: =+Perfils!$G$77 -> 76.9 | N65: =ROUND(L65*M65,2) -> 0 | O65: 0 | P65: =+Perfils!$G$96 -> 76.9 | Q65: =ROUND(O65*P65,2) -> 0 | R65: 0 | S65: =+H65+K65+Q65+R65 -> 8750
B66: SER0299 | C66: Servei Aplicacions Mobils | D66: N/A | E66: Barcelona a la Butxaca | F66: 0 | G66: =+Perfils!$G$41 -> 76.9 | H66: =ROUND(F66*G66,2) -> 0 | I66: 572.71352 | J66: =+Perfils!$G$59 -> 76.9 | K66: =ROUND(I66*J66,2) -> 44041.67 | L66: 611.18336 | M66: =+Perfils!$G$77 -> 76.9 | N66: =ROUND(L66*M66,2) -> 47000 | O66: 0 | P66: =+Perfils!$G$96 -> 76.9 | Q66: =ROUND(O66*P66,2) -> 0 | R66: 0 | S66: =+H66+K66+Q66+R66 -> 44041.67
B67: SER0299 | C67: Servei Aplicacions Mobils | D67: N/A | E67: La Mercè | F67: 0 | G67: =+Perfils!$G$41 -> 76.9 | H67: =ROUND(F67*G67,2) -> 0 | I67: 377.29506 | J67: =+Perfils!$G$59 -> 76.9 | K67: =ROUND(I67*J67,2) -> 29013.99 | L67: 0 | M67: =+Perfils!$G$77 -> 76.9 | N67: =ROUND(L67*M67,2) -> 0 | O67: 0 | P67: =+Perfils!$G$96 -> 76.9 | Q67: =ROUND(O67*P67,2) -> 0 | R67: 0 | S67: =+H67+K67+Q67+R67 -> 29013.99
B68: SER0299 | C68: Servei Aplicacions Mobils | D68: N/A | E68: BCN Llum | F68: 0 | G68: =+Perfils!$G$41 -> 76.9 | H68: =ROUND(F68*G68,2) -> 0 | I68: 121.89532 | J68: =+Perfils!$G$59 -> 76.9 | K68: =ROUND(I68*J68,2) -> 9373.75 | L68: 0 | M68: =+Perfils!$G$77 -> 76.9 | N68: =ROUND(L68*M68,2) -> 0 | O68: 0 | P68: =+Perfils!$G$96 -> 76.9 | Q68: =ROUND(O68*P68,2) -> 0 | R68: 0 | S68: =+H68+K68+Q68+R68 -> 9373.75
B69: SER0630 | C69: Aplicacions mobilitat BSM | D69: N/A | E69: Aplicacions mobilitat BSM | F69: 0 | G69: =+Perfils!$G$41 -> 76.9 | H69: =ROUND(F69*G69,2) -> 0 | I69: 0 | J69: =+Perfils!$G$59 -> 76.9 | K69: =ROUND(I69*J69,2) -> 0 | L69: 0 | M69: =+Perfils!$G$77 -> 76.9 | N69: =ROUND(L69*M69,2) -> 0 | O69: 551.43121 | P69: =+Perfils!$G$96 -> 76.9 | Q69: =ROUND(O69*P69,2) -> 42405.06 | R69: 0 | S69: =+H69+K69+Q69+R69 -> 42405.06
B70: SER0393 | C70: Vincles | D70: N/A | E70: BCN+65 | F70: 0 | G70: =+Perfils!$G$41 -> 76.9 | H70: =ROUND(F70*G70,2) -> 0 | I70: 0 | J70: =+Perfils!$G$59 -> 76.9 | K70: =ROUND(I70*J70,2) -> 0 | L70: 0 | M70: =+Perfils!$G$77 -> 76.9 | N70: =ROUND(L70*M70,2) -> 0 | O70: 406.3156 | P70: =+Perfils!$G$96 -> 76.9 | Q70: =ROUND(O70*P70,2) -> 31245.67 | R70: 0 | S70: =+H70+K70+Q70+R70 -> 31245.67
B71: SER9999 | C71: Genèric | D71: APP9999 | E71: Genèric | F71: 0 | G71: =+Perfils!$G$41 -> 76.9 | H71: =ROUND(F71*G71,2) -> 0 | I71: 0 | J71: =+Perfils!$G$59 -> 76.9 | K71: =ROUND(I71*J71,2) -> 0 | L71: 0 | M71: =+Perfils!$G$77 -> 76.9 | N71: =ROUND(L71*M71,2) -> 0 | O71: 0 | P71: =+Perfils!$G$96 -> 76.9 | Q71: =ROUND(O71*P71,2) -> 0 | R71: 0 | S71: =+H71+K71+Q71+R71 -> 0
B72: Total | F72: =SUM(F63:F71) -> 363.94265 | H72: =SUM(H63:H71) -> 27987.19 | I72: =SUM(I63:I71) -> 1735.9627 | K72: =SUM(K63:K71) -> 133495.53 | L72: =SUM(L63:L71) -> 611.18336 | N72: =SUM(N63:N71) -> 47000 | O72: =SUM(O63:O71) -> 3736.1341 | Q72: =SUM(Q63:Q71) -> 287308.71 | R72: =SUM(R63:R71) -> 0 | S72: =SUM(S63:S71) -> 448791.43
E74: FTE | F74: =(F72/$E$61/8)/20 -> 0.3249488 | I74: =(I72/$E$61/8)/20 -> 1.5499667 | L74: =(L72/$E$61/8)/20 -> 0.54569942 | O74: =(O72/$E$61/8)/20 -> 3.335834 | Q74: =Q73/P71 -> 0 | S74: =SUM(F74:R74) -> 5.7564489

Sheet Perfils
D2: Import €/hora amb IVA | E2: Preu/hora IVA exclòs | F2: Import màxim €/hora IVA exclòs
C3: Coordinador/a del contracte / Responsable de contracte | D3: =+ROUND(E3*1.21,2) -> 89.77 | E3: 74.19 | F3: 74.19
C4: Scrum Master | D4: =+ROUND(E4*1.21,2) -> 86.99 | E4: 71.89 | F4: 71.89
C5: Cap de projecte sènior | D5: =+ROUND(E5*1.21,2) -> 89.77 | E5: 74.19 | F5: 74.19
C6: Consultor/a legal | D6: =+ROUND(E6*1.21,2) -> 89.77 | E6: 74.19 | F6: 74.19
C7: Cap de projecte júnior | D7: =+ROUND(E7*1.21,2) -> 65.44 | E7: 54.08 | F7: 54.08
C8: Arquitecte/a / Responsable seguretat | D8: =+ROUND(E8*1.21,2) -> 94.88 | E8: 78.41 | F8: 78.41
C9: Full Stack Desenvolupador/a mòbil | D9: =+ROUND(E9*1.21,2) -> 102.78 | E9: 84.94 | F9: 84.94
C10: Analista / Desenvolupador/a Python/mòbil (Android/IOS/webapps/Xamarin/Kotlin/Flutter/IONIC) | D10: =+ROUND(E10*1.21,2) -> 67.48 | E10: 55.77 | F10: 55.77
C11: Desenvolupador/a mòbil júnior Flutter | D11: =+ROUND(E11*1.21,2) -> 58.39 | E11: 48.26 | F11: 48.26
C12: Tècnic/a JIRA / Confluence | D12: =+ROUND(E12*1.21,2) -> 67.48 | E12: 55.77 | F12: 55.77
C13: Especialista IC | D13: =+ROUND(E13*1.21,2) -> 94.88 | E13: 78.41 | F13: 78.41
C14: Tècnic/a Testing | D14: =+ROUND(E14*1.21,2) -> 58.39 | E14: 48.26 | F14: 48.26
... C20: Consultor/a Júnior / Suport HelpDesk de primer nivell | D20: =+ROUND(E20*1.21,2) -> 56.18 | E20: 46.43 | F20: 46.43
B23: Servei plec | C23: Perfil | D23: % dedicació | E23: Preu perfil IVA inclòs | F23: Preu perfil IVA exclòs | G23: Preu / hora /perfil
B24: Manteniment correctiu | C24: =$C$3 -> Coordinador/a del contracte / Responsable de contracte | D24: 0.06 | E24: =$D$3 -> 89.77 | F24: =$E$3 -> 74.19 | G24: =E24*D24 -> 5.3862
C25: Scrum Master | D25: 0.06 | E25: =$D$4 -> 86.99 | F25: =$E$4 -> 71.89 | G25: =E25*D25 -> 5.2194
C26: =$C$5 -> Cap de projecte sènior | D26: 0.25 | E26: =$D$5 -> 89.77 | F26: =$E$5 -> 74.19 | G26: =E26*D26 -> 22.4425
C27: =$C$7 -> Cap de projecte júnior | D27: 0.072 | E27: =$D$7 -> 65.44 | F27: =$E$7 -> 54.08 | G27: =E27*D27 -> 4.71168
C28: =$C$8 -> Arquitecte/a / Responsable seguretat | D28: 0 | E28: =$D$8 -> 94.88 | F28: =$E$8 -> 78.41 | G28: =E28*D28 -> 0
C29: Full Stack Desenvolupador mòbil | D29: 0.04 | E29: =$D$9 -> 102.78 | F29: =$E$9 -> 84.94 | G29: =E29*D29 -> 4.1112
C30: Analista / Desenvolupador Python/mòbil (Android/IOS/webapps/Xamarin/Kotlin/Flutter/IONIC) | D30: 0.225 | E30: =$D$10 -> 67.48 | F30: =$E$10 -> 55.77 | G30: =E30*D30 -> 15.183
C31: Desenvolupador mòbil junior Flutter | D31: 0.075 | E31: =$D$11 -> 58.39 | F31: =$E$11 -> 48.26 | G31: =E31*D31 -> 4.37925
C32: Tècnic JIRA / Confluence | D32: 0 | E32: =$D$12 -> 67.48 | F32: =$E$12 -> 55.77 | G32: =E32*D32 -> 0
C33: Especialista IC | D33: 0.06 | E33: =$D$13 -> 94.88 | F33: =$E$13 -> 78.41 | G33: =E33*D33 -> 5.6928
C34: =+$C$17 -> Dissenyador/a gràfic/a | D34: 0 | E34: =$D$17 -> 67.48 | F34: =$E$17 -> 55.77 | G34: =E34*D34 -> 0
C35: =+$C$18 -> Tècnic/a markets | D35: 0 | E35: =$D$18 -> 67.48 | F35: =$E$18 -> 55.77 | G35: =E35*D35 -> 0
C36: =$C$14 -> Tècnic/a Testing | D36: 0.09 | E36: =$D$14 -> 58.39 | F36: =$E$14 -> 48.26 | G36: =E36*D36 -> 5.2551
C37: =$C$15 -> Tècnic/a Usabilitat | D37: 0 | E37: =$D$15 -> 67.48 | F37: =$E$15 -> 55.77 | G37: =E37*D37 -> 0
C38: =$C$16 -> Tècnic/a Accessibilitat | D38: 0 | E38: =$D$16 -> 67.48 | F38: =$E$16 -> 55.77 | G38: =E38*D38 -> 0
C39: =$C$19 -> Expert/a analista ASO i analítica per aplicacions mòbils | D39: 0.015 | E39: =$D$19 -> 102.78 | F39: =$E$19 -> 84.94 | G39: =E39*D39 -> 1.5417
C40: =$C$20 -> Consultor/a Júnior / Suport HelpDesk de primer nivell | D40: 0.053 | E40: =$D$20 -> 56.18 | F40: =$E$20 -> 46.43 | G40: =E40*D40 -> 2.97754
C41: Preu perfil tipus | G41: =ROUND(SUM(G24:G40),2) -> 76.9 | H41: =SUM(D24:D40) -> 1
B42: Manteniment recurrent | C42: =$C$3 -> Coordinador/a del contracte / Responsable de contracte | D42: 0.06 | E42: =$D$3 -> 89.77 | F42: =$E$3 -> 74.19 | G42: =E42*D42 -> 5.3862
C43: Scrum Master | D43: 0.06 | E43: =$D$4 -> 86.99 | F43: =$E$4 -> 71.89 | G43: =E43*D43 -> 5.2194
C44: =$C$5 -> Cap de projecte sènior | D44: 0.25 | E44: =$D$5 -> 89.77 | F44: =$E$5 -> 74.19 | G44: =E44*D44 -> 22.4425
C45: =$C$7 -> Cap de projecte júnior | D45: 0.072 | E45: =$D$7 -> 65.44 | F45: =$E$7 -> 54.08 | G45: =E45*D45 -> 4.71168
C46: =$C$8 -> Arquitecte/a / Responsable seguretat | D46: 0 | E46: =$D$8 -> 94.88 | F46: =$E$8 -> 78.41 | G46: =E46*D46 -> 0
C47: Full Stack Desenvolupador mòbil | D47: 0.04 | E47: =$D$9 -> 102.78 | F47: =$E$9 -> 84.94 | G47: =E47*D47 -> 4.1112
C48: Analista / Desenvolupador Python/mòbil (Android/IOS/webapps/Xamarin/Kotlin/Flutter/IONIC) | D48: 0.225 | E48: =$D$10 -> 67.48 | F48: =$E$10 -> 55.77 | G48: =E48*D48 -> 15.183
C49: Desenvolupador mòbil junior Flutter | D49: 0.075 | E49: =$D$11 -> 58.39 | F49: =$E$11 -> 48.26 | G49: =E49*D49 -> 4.37925
C50: Tècnic JIRA / Confluence | D50: 0 | E50: =$D$12 -> 67.48 | F50: =$E$12 -> 55.77 | G50: =E50*D50 -> 0
C51: Especialista IC | D51: 0.06 | E51: =$D$13 -> 94.88 | F51: =$E$13 -> 78.41 | G51: =E51*D51 -> 5.6928
C52: =+$C$17 -> Dissenyador/a gràfic/a | D52: 0 | E52: =$D$17 -> 67.48 | F52: =$E$17 -> 55.77 | G52: =E52*D52 -> 0
C53: =+$C$18 -> Tècnic/a markets | D53: 0 | E53: =$D$18 -> 67.48 | F53: =$E$18 -> 55.77 | G53: =E53*D53 -> 0
C54: =$C$14 -> Tècnic/a Testing | D54: 0.09 | E54: =$D$14 -> 58.39 | F54: =$E$14 -> 48.26 | G54: =E54*D54 -> 5.2551
C55: =$C$15 -> Tècnic/a Usabilitat | D55: 0 | E55: =$D$15 -> 67.48 | F55: =$E$15 -> 55.77 | G55: =E55*D55 -> 0
C56: =$C$16 -> Tècnic/a Accessibilitat | D56: 0 | E56: =$D$16 -> 67.48 | F56: =$E$16 -> 55.77 | G56: =E56*D56 -> 0
C57: =$C$19 -> Expert/a analista ASO i analítica per aplicacions mòbils | D57: 0.015 | E57: =$D$19 -> 102.78 | F57: =$E$19 -> 84.94 | G57: =E57*D57 -> 1.5417
C58: =$C$20 -> Consultor/a Júnior / Suport HelpDesk de primer nivell | D58: 0.053 | E58: =$D$20 -> 56.18 | F58: =$E$20 -> 46.43 | G58: =E58*D58 -> 2.97754
C59: Preu perfil tipus | G59: =ROUND(SUM(G42:G58),2) -> 76.9 | H59: =SUM(D42:D58) -> 1
B60: Serveis d'evolutius recurrents | C60: =$C$3 -> Coordinador/a del contracte / Responsable de contracte | D60: 0.06 | E60: =$D$3 -> 89.77 | F60: =$E$3 -> 74.19 | G60: =E60*D60 -> 5.3862
C61: Scrum Master | D61: 0.06 | E61: =$D$4 -> 86.99 | F61: =$E$4 -> 71.89 | G61: =E61*D61 -> 5.2194
C62: =$C$5 -> Cap de projecte sènior | D62: 0.25 | E62: =$D$5 -> 89.77 | F62: =$E$5 -> 74.19 | G62: =E62*D62 -> 22.4425
C63: =$C$7 -> Cap de projecte júnior | D63: 0.072 | E63: =$D$7 -> 65.44 | F63: =$E$7 -> 54.08 | G63: =E63*D63 -> 4.71168
C64: =$C$8 -> Arquitecte/a / Responsable seguretat | D64: 0 | E64: =$D$8 -> 94.88 | F64: =$E$8 -> 78.41 | G64: =E64*D64 -> 0
C65: Full Stack Desenvolupador mòbil | D65: 0.04 | E65: =$D$9 -> 102.78 | F65: =$E$9 -> 84.94 | G65: =E65*D65 -> 4.1112
C66: Analista / Desenvolupador Python/mòbil (Android/IOS/webapps/Xamarin/Kotlin/Flutter/IONIC) | D66: 0.225 | E66: =$D$10 -> 67.48 | F66: =$E$10 -> 55.77 | G66: =E66*D66 -> 15.183
C67: Desenvolupador mòbil junior Flutter | D67: 0.075 | E67: =$D$11 -> 58.39 | F67: =$E$11 -> 48.26 | G67: =E67*D67 -> 4.37925
C68: Tècnic JIRA / Confluence | D68: 0 | E68: =$D$12 -> 67.48 | F68: =$E$12 -> 55.77 | G68: =E68*D68 -> 0
C69: Especialista IC | D69: 0.06 | E69: =$D$13 -> 94.88 | F69: =$E$13 -> 78.41 | G69: =E69*D69 -> 5.6928
C70: =+$C$17 -> Dissenyador/a gràfic/a | D70: 0 | E70: =$D$17 -> 67.48 | F70: =$E$17 -> 55.77 | G70: =E70*D70 -> 0
C71: =+$C$18 -> Tècnic/a markets | D71: 0 | E71: =$D$18 -> 67.48 | F71: =$E$18 -> 55.77 | G71: =E71*D71 -> 0
C72: =$C$14 -> Tècnic/a Testing | D72: 0.09 | E72: =$D$14 -> 58.39 | F72: =$E$14 -> 48.26 | G72: =E72*D72 -> 5.2551
C73: =$C$15 -> Tècnic/a Usabilitat | D73: 0 | E73: =$D$15 -> 67.48 | F73: =$E$15 -> 55.77 | G73: =E73*D73 -> 0
C74: =$C$16 -> Tècnic/a Accessibilitat | D74: 0 | E74: =$D$16 -> 67.48 | F74: =$E$16 -> 55.77 | G74: =E74*D74 -> 0
C75: =$C$19 -> Expert/a analista ASO i analítica per aplicacions mòbils | D75: 0.015 | E75: =$D$19 -> 102.78 | F75: =$E$19 -> 84.94 | G75: =E75*D75 -> 1.5417
C76: =$C$20 -> Consultor/a Júnior / Suport HelpDesk de primer nivell | D76: 0.053 | E76: =$D$20 -> 56.18 | F76: =$E$20 -> 46.43 | G76: =E76*D76 -> 2.97754
C77: Preu perfil tipus | G77: =ROUND(SUM(G60:G76),2) -> 76.9 | H77: =SUM(D60:D76) -> 1
B78: Serveis Transversals de Manteniment | C78: =$C$3 -> Coordinador/a del contracte / Responsable de contracte | D78: 0.06 | E78: =$D$3 -> 89.77 | F78: =$E$3 -> 74.19 | G78: =E78*D78 -> 5.3862
C79: Scrum Master | D79: 0.06 | E79: =$D$4 -> 86.99 | F79: =$E$4 -> 71.89 | G79: =E79*D79 -> 5.2194
C80: =$C$5 -> Cap de projecte sènior | D80: 0.24 | E80: =$D$5 -> 89.77 | F80: =$E$5 -> 74.19 | G80: =E80*D80 -> 21.5448
C81: =+$C$6 -> Consultor/a legal | D81: 0.01 | E81: =$D$6 -> 89.77 | F81: =$E$6 -> 74.19 | G81: =E81*D81 -> 0.8977
C82: =$C$7 -> Cap de projecte júnior | D82: 0.072 | E82: =$D$7 -> 65.44 | F82: =$E$7 -> 54.08 | G82: =E82*D82 -> 4.71168
C83: =$C$8 -> Arquitecte/a / Responsable seguretat | D83: 0 | E83: =$D$8 -> 94.88 | F83: =$E$8 -> 78.41 | G83: =E83*D83 -> 0
C84: Full Stack Desenvolupador mòbil | D84: 0.04 | E84: =$D$9 -> 102.78 | F84: =$E$9 -> 84.94 | G84: =E84*D84 -> 4.1112
C85: Analista / Desenvolupador Python/mòbil (Android/IOS/webapps/Xamarin/Kotlin/Flutter/IONIC) | D85: 0.225 | E85: =$D$10 -> 67.48 | F85: =$E$10 -> 55.77 | G85: =E85*D85 -> 15.183
C86: Desenvolupador mòbil junior Flutter | D86: 0.075 | E86: =$D$11 -> 58.39 | F86: =$E$11 -> 48.26 | G86: =E86*D86 -> 4.37925
C87: Tècnic JIRA / Confluence | D87: 0 | E87: =$D$12 -> 67.48 | F87: =$E$12 -> 55.77 | G87: =E87*D87 -> 0
C88: Especialista IC | D88: 0.06 | E88: =$D$13 -> 94.88 | F88: =$E$13 -> 78.41 | G88: =E88*D88 -> 5.6928
C89: =+$C$17 -> Dissenyador/a gràfic/a | D89: 0 | E89: =$D$17 -> 67.48 | F89: =$E$17 -> 55.77 | G89: =E89*D89 -> 0
C90: =+$C$18 -> Tècnic/a markets | D90: 0 | E90: =$D$18 -> 67.48 | F90: =$E$18 -> 55.77 | G90: =E90*D90 -> 0
C91: =$C$14 -> Tècnic/a Testing | D91: 0.09 | E91: =$D$14 -> 58.39 | F91: =$E$14 -> 48.26 | G91: =E91*D91 -> 5.2551
C92: =$C$15 -> Tècnic/a Usabilitat | D92: 0 | E92: =$D$15 -> 67.48 | F92: =$E$15 -> 55.77 | G92: =E92*D92 -> 0
C93: =$C$16 -> Tècnic/a Accessibilitat | D93: 0 | E93: =$D$16 -> 67.48 | F93: =$E$16 -> 55.77 | G93: 0
C94: =$C$19 -> Expert/a analista ASO i analítica per aplicacions mòbils | D94: 0.015 | E94: =$D$19 -> 102.78 | F94: =$E$19 -> 84.94 | G94: =E94*D94 -> 1.5417
C95: =$C$20 -> Consultor/a Júnior / Suport HelpDesk de primer nivell | D95: 0.053 | E95: =$D$20 -> 56.18 | F95: =$E$20 -> 46.43 | G95: =E95*D95 -> 2.97754
C96: Preu perfil tipus | G96: =ROUND(SUM(G78:G95),2) -> 76.9 | H96: =SUM(D78:D95) -> 1

Sheet Taules IJ
A2: Distribució de pressupost per any i per servei
B4: 2023 | E4: 2024 | H4: 2025 | K4: 2026
A5: Serveis | B5: Import net | C5: IVA 21% | D5: Import total | E5: Import net | F5: IVA 21% | G5: Import total | H5: Import net | I5: IVA 21% | J5: Import total | K5: Import net | L5: IVA 21% | M5: Import total | N5: Total import net | O5: Total IVA 21% | P5: Total import contracte
A6: Manteniment correctiu | B6: =ROUND('Càlcul pressupost '!F6/1.21,2) -> 9912.82 | C6: =ROUND(B6*0.21,2) -> 2081.69 | D6: =+B6+C6 -> 11994.51 | E6: =ROUND('Càlcul pressupost '!G6/1.21,2) -> 39651.27 | F6: =ROUND(E6*0.21,2) -> 8326.77 | G6: =+E6+F6 -> 47978.04 | H6: =ROUND('Càlcul pressupost '!H6/1.21,2) -> 39651.27 | I6: =ROUND(H6*0.21,2) -> 8326.77 | J6: =+H6+I6 -> 47978.04 | K6: =ROUND('Càlcul pressupost '!I6/1.21,2) -> 23129.91 | L6: =ROUND(K6*0.21,2) -> 4857.28 | M6: =+K6+L6 -> 27987.19 | N6: =+B6+E6+H6+K6 -> 112345.27 | O6: =+C6+F6+I6+L6 -> 23592.51 | P6: =+D6+G6+J6+M6 -> 135937.78
A7: Manteniment recurrent | B7: =ROUND('Càlcul pressupost '!F7/1.21,2) -> 56563.64 | C7: =ROUND(B7*0.21,2) -> 11878.36 | D7: =+B7+C7 -> 68442 | E7: =ROUND('Càlcul pressupost '!G7/1.21,2) -> 176735.09 | F7: =ROUND(E7*0.21,2) -> 37114.37 | G7: =+E7+F7 -> 213849.46 | H7: =ROUND('Càlcul pressupost '!H7/1.21,2) -> 189131.79 | I7: =ROUND(H7*0.21,2) -> 39717.68 | J7: =+H7+I7 -> 228849.47 | K7: =ROUND('Càlcul pressupost '!I7/1.21,2) -> 110326.88 | L7: =ROUND(K7*0.21,2) -> 23168.64 | M7: =+K7+L7 -> 133495.52 | N7: =+B7+E7+H7+K7 -> 532757.4 | O7: =+C7+F7+I7+L7 -> 111879.05 | P7: =+D7+G7+J7+M7 -> 644636.45
A8: Serveis d'evolutius recurrents | B8: =ROUND('Càlcul pressupost '!F8/1.21,2) -> 66115.7 | C8: =ROUND(B8*0.21,2) -> 13884.3 | D8: =+B8+C8 -> 80000 | E8: =ROUND('Càlcul pressupost '!G8/1.21,2) -> 123966.94 | F8: =ROUND(E8*0.21,2) -> 26033.06 | G8: =+E8+F8 -> 150000 | H8: =ROUND('Càlcul pressupost '!H8/1.21,2) -> 66115.7 | I8: =ROUND(H8*0.21,2) -> 13884.3 | J8: =+H8+I8 -> 80000 | K8: =ROUND('Càlcul pressupost '!I8/1.21,2) -> 38842.98 | L8: =ROUND(K8*0.21,2) -> 8157.03 | M8: =+K8+L8 -> 47000.01 | N8: =+B8+E8+H8+K8 -> 295041.32 | O8: =+C8+F8+I8+L8 -> 61958.69 | P8: =+D8+G8+J8+M8 -> 357000.01
A9: Serveis Transversals de Manteniment | B9: =ROUND('Càlcul pressupost '!F9/1.21,2) -> 101762.24 | C9: =ROUND(B9*0.21,2) -> 21370.07 | D9: =+B9+C9 -> 123132.31 | E9: =ROUND('Càlcul pressupost '!G9/1.21,2) -> 409114.21 | F9: =ROUND(E9*0.21,2) -> 85913.98 | G9: =+E9+F9 -> 495028.19 | H9: =ROUND('Càlcul pressupost '!H9/1.21,2) -> 409114.21 | I9: =ROUND(H9*0.21,2) -> 85913.98 | J9: =+H9+I9 -> 495028.19 | K9: =ROUND('Càlcul pressupost '!I9/1.21,2) -> 237445.21 | L9: =ROUND(K9*0.21,2) -> 49863.49 | M9: =+K9+L9 -> 287308.7 | N9: =+B9+E9+H9+K9 -> 1157435.9 | O9: =+C9+F9+I9+L9 -> 243061.52 | P9: =+D9+G9+J9+M9 -> 1400497.4
B10: =SUM(B6:B9) -> 234354.4 | C10: =SUM(C6:C9) -> 49214.42 | D10: =SUM(D6:D9) -> 283568.82 | E10: =SUM(E6:E9) -> 749467.51 | F10: =SUM(F6:F9) -> 157388.18 | G10: =SUM(G6:G9) -> 906855.69 | H10: =SUM(H6:H9) -> 704012.97 | I10: =SUM(I6:I9) -> 147842.73 | ... P10: =SUM(P6:P9) -> 2538071.6
A12: Distribució de pressupost per any
A14: TOTAL | O14: º
A15: Any | B15: Pressupost net | C15: IVA | D15: Import total
A16: 2023 | B16: =+B10 -> 234354.4 | C16: =+C10 -> 49214.42 | D16: =+B16+C16 -> 283568.82 | E16: (*) L'import total de l'IVA correspon al sumatori dels imports individuals detallats a la taula anterior (fila 10, columnes C, F, I, L) i no a l'aplicació directa de l'IVA actual del 21% sobre el pressupost net totalitzat (files 16 a 19 columna B).
A17: 2024 | B17: =+E10 -> 749467.51 | C17: =+F10 -> 157388.18 | D17: =+G10 -> 906855.69
A18: 2025 | B18: =+H10 -> 704012.97 | C18: =+I10 -> 147842.73 | D18: =+J10 -> 851855.7
A19: 2026 | B19: =+K10 -> 409744.98 | C19: =+L10 -> 86046.44 | D19: =+M10 -> 495791.42
A20: Total | B20: =SUM(B16:B19) -> 2097579.9 | C20: =SUM(C16:C19) -> 440491.77 | D20: =SUM(D16:D19) -> 2538071.6
D21: =+B20*1.21 -> 2538071.6
A23: Distribució de pressupost per any
A25: Any | B25: Període | C25: Capítol | D25: Import total | E25: Pressupost net | F25: IVA | H25: Any | I25: C2 | J25: C6
A26: 2023 | B26: de l'1-8 al 31-12 | C26: II | D26: =D6+D7+D9 -> 203568.82 | E26: =B6+B7+B9 -> 168238.7 | F26: =C6+C7+C9 -> 35330.12 | H26: 2023 | I26: =+D26 -> 203568.82
A27: 2023 | B27: de l'1-10 al 31-12 | C27: VI | D27: =D8 -> 80000 | E27: =B8 -> 66115.7 | F27: =C8 -> 13884.3 | H27: 2023 | J27: =+D27 -> 80000
A28: 2024 | B28: de l'1-1 al 31-12 | C28: II | D28: =G6+G7+G9 -> 756855.69 | E28: =E6+E7+E9 -> 625500.57 | F28: =F6+F7+F9 -> 131355.12 | H28: 2024 | I28: =+D28 -> 756855.69
A29: 2024 | B29: de l'1-1 al 31-12 | C29: VI | D29: =G8 -> 150000 | E29: =E8 -> 123966.94 | F29: =F8 -> 26033.06 | H29: 2024 | J29: =+D29 -> 150000
A30: 2025 | B30: de l'1-1 al 31-12 | C30: II | D30: =J6+J7+J9 -> 771855.7 | E30: =H6+H7+H9 -> 637897.27 | F30: =I6+I7+I9 -> 133958.43 | H30: 2025 | I30: =+D30 -> 771855.7
A31: 2025 | B31: de l'1-1 al 31-12 | C31: VI | D31: =J8 -> 80000 | E31: =H8 -> 66115.7 | F31: =I8 -> 13884.3 | H31: 2025 | J31: =+D31 -> 80000
A32: 2026 | B32: de l'1-1 al 31-7 | C32: II | D32: =M6+M7+M9 -> 448791.41 | E32: =K6+K7+K9 -> 370902 | F32: =L6+L7+L9 -> 77889.41 | H32: 2026 | I32: =+D32 -> 448791.41
A33: 2026 | B33: de l'1-1 al 31-7 | C33: VI | D33: =M8 -> 47000.01 | E33: =K8 -> 38842.98 | F33: =L8 -> 8157.03 | H33: 2026 | J33: =+D33 -> 47000.01
A34: Total | D34: =SUM(D26:D33) -> 2538071.6 | E34: =SUM(E26:E33) -> 2097579.9 | F34: =SUM(F26:F33) -> 440491.77 | H34: Total | I34: =SUM(I26:I33) -> 2181071.6 | J34: =SUM(J26:J33) -> 357000.01 | K34: =+I34+J34 -> 2538071.6
A36: Modificacions de contracte: ampliació / disminució
A37: Causes previstes de modificació | B37: Import contracte (IVA inclòs) | C37: % Ampliació sobre import del contracte | D37: Import màxim ampliació (amb IVA) | E37: % Disminució sobre import del contracte | F37: Import màxim disminució (amb IVA)
A38: Modificacions per augment o disminució de volumetries en Serveis/Aplicacions | B38: =$D$20 -> 2538071.6 | C38: 0.2 | D38: =+ROUND(B38*C38,2) -> 507614.33 | E38: 0.2 | F38: =+ROUND(B38*E38,2) -> 507614.33
A39: TOTAL | B39: =SUM(B38:B38) -> 2538071.6 | C39: =SUM(C38:C38) -> 0.2 | D39: =SUM(D38:D38) -> 507614.33 | E39: =SUM(E38:E38) -> 0.2 | F39: =SUM(F38:F38) -> 507614.33
D40: =+ROUND(D39/1.21,2) -> 419515.98 | F40: =+ROUND(F39/1.21,2) -> 419515.98
D41: IVA EXCLÒS | F41: IVA EXCLÒS
A42: VEC
B44: VE prestació | C44: VE eventuals pròrrogues | D44: VE modificacions contracte amb increment de cost previstes | E44: VE modificacions contracte amb disminució de cost previstes | F44: SUMA
A45: 2023 | B45: =+B16 -> 234354.4 | D45: =ROUND(G45/$G$51*$D$40,2) -> 27348.87 | E45: =ROUND(-G45/$G$51*$F$40,2) -> -27348.87 | F45: =SUM(B45:D45) -> 261703.27 | G45: =+B45+C45 -> 234354.4
A46: 2024 | B46: =+B17 -> 749467.51 | D46: =ROUND(G46/$G$51*$D$40,2) -> 87461.94 | E46: =ROUND(-G46/$G$51*$F$40,2) -> -87461.94 | F46: =SUM(B46:D46) -> 836929.45 | G46: =+B46+C46 -> 749467.51
A47: 2025 | B47: =+B18 -> 704012.97 | D47: =ROUND(G47/$G$51*$D$40,2) -> 82157.45 | E47: =ROUND(-G47/$G$51*$F$40,2) -> -82157.45 | F47: =SUM(B47:D47) -> 786170.42 | G47: =+B47+C47 -> 704012.97
A48: 2026 | B48: =+B19 -> 409744.98 | C48: 294267.99 | D48: =ROUND(G48/$G$51*$D$40,2) -> 82157.45 | E48: =ROUND(-G48/$G$51*$F$40,2) -> -82157.45 | F48: =SUM(B48:D48) -> 786170.42 | G48: =+B48+C48 -> 704012.97
A49: 2027 | C49: 761864.21 | D49: =ROUND(G49/$G$51*$D$40,2) -> 88908.62 | E49: =ROUND(-G49/$G$51*$F$40,2) -> -88908.62 | F49: =SUM(B49:D49) -> 850772.83 | G49: =+B49+C49 -> 761864.21
A50: 2028 | C50: 441149.94 | D50: =ROUND(G50/$G$51*$D$40,2)-0.01 -> 51481.65 | E50: =ROUND(-G50/$G$51*$F$40,2)+0.01 -> -51481.65 | F50: =SUM(B50:D50) -> 492631.59 | G50: =+B50+C50 -> 441149.94
A51: Total | B51: =SUM(B45:B50) -> 2097579.9 | C51: =SUM(C45:C50) -> 1497282.1 | D51: =SUM(D45:D50) -> 419515.98 | E51: =SUM(E45:E50) -> -419515.98 | F51: =SUM(F45:F50) -> 4014378 | G51: =SUM(G45:G50) -> 3594862
A56: VEC | B56: Marges possibles solvènvia
A57: =+F51 -> 4014378 | B57: Solvència económica | D57: Solvència tècnica
A58: Anys de contracte | B58: ACONSELLABLE | C58: MÀXIM | D58: MÍNIM | E58: MÀXIM
A59: 5 | B59: =+C59/A59 -> 1204313.4 | C59: =1.5*A57 -> 6021567 | D59: =ROUND(A57*2/3/A59,2) -> 535250.4 | E59: =+C59 -> 6021567
B60: 1,5 x VEC / anys de contracte | C60: 1,5 x VEC | D60: 2/3 VEC / anys de contracte | E60: 1,5 x VEC

Sheet Costos Indirectes
A2: CÀLCUL COSTOS DIRECTES I INDIRECTES PEL PROJECTE
C4: Preu IVA exclòs | D4: Benefici Industrial (20%) | E4: Cost Total | F4: Cost Indirecte (6,4 %) | G4: Suma costos Indirectes | H4: Cost personal | I4: Seguretat Social (34%) | J4: Salari Brut | K4: Suma costos directes
C5: ='Taules IJ'!B20 -> 2097579.9 | D5: =ROUND(C5*0.2, 2) -> 419515.97 | E5: =ROUND(C5-D5, 2) -> 1678063.9 | F5: =ROUND(C5*0.064, 2) -> 134245.11 | G5: =ROUND(D5+F5, 2) -> 553761.08 | H5: =ROUND(E5-F5, 2) -> 1543818.8 | I5: =ROUND(H5*(0.34/1.34), 2) -> 391715.21 | J5: =ROUND(H5-I5, 2) -> 1152103.6 | K5: =+H5 -> 1543818.8
C7: Costos directes:
C8: Costos salarials - Salari Brut | D8: =J5 -> 1152103.6
C9: Costos salarials - Seguretat Social (34%)* | D9: =I5 -> 391715.21
C10: TOTAL (Suma costos directes) | D10: =+K5 -> 1543818.8
C12: Costos indirectes:
C13: Despeses generals d’estructura (6,40%)** | D13: =F5 -> 134245.11
C14: Benefici industrial (20%)** | D14: =D5 -> 419515.97
C15: TOTAL (Suma costos indirectes) | D15: =G5 -> 553761.08
C17: TOTAL DE COSTOS (directes + indirectes): | D17: =D10+D15 -> 2097579.9
C18: *Percentatge calculat sobre el salari brut.
C19: **Percentatge calculat sobre el cost total del contracte.

Sheet Taula LOT-SERV-APP
A1: Contracte | B1: Servei | C1: Aplicació | D1: Lot X | E1: 2 lots!!
A2: G0389 | B2: SER0044 | C2: APP0860-SAP Subvencions | D2: 2
A3: G0389 | B3: SER0044 | C3: APP0861-SAP Convenis | D3: 2
A4: G0389 | B4: SER0044 | C4: APP0943-Expedient bustia etica | D4: 2
A5: G0389 | B5: SER0412 | C5: APP0867-Recepció factura electrònica | D5: 2
A6: G0389 | B6: SER0412 | C6: APP0864-Emissio factura electrònica | D6: 2
A7: G0389 | B7: SER0411 | C7: APP0866-FENS | D7: 2
A8: G0389 | B8: SER0474 | C8: APP0896-Gestió de bestretes | D8: 2
A9: G0389 | B9: SER0473 | C9: APP0895-Expedients economics(core) | D9: 2
A10: G0389 | B10: SER0038 | C10: APP0150-Compres | D10: 2
A11: G0389 | B11: SER0474 | C11: APP0898-Autorització de viatges | D11: 2
A13: G0389 | B13: SER0031 | C13: APP0176-COPERNICO | D13: 1
A14: G0389 | B14: SER0031 | C14: APP0719-Digitalització actes del plenari | D14: 1
... A34: G0074 | B34: SER0150 | C34: APP0071-Autorització comissió de servei | D34: 1
A36: Quden fora d'abast:
A37: GR | B37: SER0028 | C37: APP0360-Inmagic | D37: No | E37: Producte
A38: GR | B38: SER0028 | C38: APP0859-Unicorn-hyperion | D38: No
A39: GR | B39: SER0028 | C39: APP0868-Albala | D39: No
A40: GR | B40: SER0044 | C40: APP0262-eSubvencions | D40: No | E40: Contrato a parte
A41: GR | B41: Governança de serveis i projectes | D41: No
A42: GR | B42: Governança de gestió d'actius | D42: No
A43: GR | B43: Bustia etica | D43: No
A45: G0026 | B45: SER0028 | C45: APP0858-BCNROC | D45: No | E45: Producte
A46: G0024 | B46: SER0204 | C46: APP0862-Gestió Actius | D46: No
A47: G0004 | B47: SER0032 | C47: APP0373-INFOLEX | D47: No | E47: Producte
A48: G0004 | B48: SER0032 | C48: APP0865-Infolex de consulta | D48: No | E48: Producte
A49: G0018 | B49: SER0046 | C49: APP0169-Consums energetics | D49: No
A50: G0018 | B50: SER0047 | C50: APP0421-Manteniment Edificis | D50: No
A51: ? | C51: BKM | D51: No | E51: Producte
A52: Mediacloud | B52: SER0031 | C52: APP0478-Organismes Municipals | D52: No

Sheet Taula Estimació de dades
A1: LOT 2
A2: Contracte | B2: Servei | C2: Aplicació | D2: h Manteniment correctiu | E2: Preu/hora | F2: € Manteniment correctiu | G2: h Manteniment recurrent | H2: Preu/hora | I2: € Manteniment recurrent | J2: h OT | K2: Preu/hora | L2: € OT | M2: DATA INICI NOUS SERVEIS
A3: G0389 | B3: SER0044 | C3: APP0860-SAP Subvencions | D3: 75.29 | E3: 53.57 | F3: =D3*E3 -> 4033.2853 | G3: 570 | H3: 53.57 | I3: =G3*H3 -> 30534.9 | J3: 96.7935 | K3: 57.5 | L3: =J3*K3 -> 5565.6263
A4: G0389 | B4: SER0044 | C4: APP0861-SAP Convenis | D4: 288.60029 | E4: 53.57 | F4: =D4*E4 -> 15460.317 | G4: 577.20058 | H4: 53.57 | I4: =G4*H4 -> 30920.635 | J4: 129.87013 | K4: 57.5 | L4: =J4*K4 -> 7467.5325
A5: G0389 | B5: SER0044 | C5: APP0943-Expedient bustia etica | D5: 29.106349 | E5: 53.57 | F5: =D5*E5 -> 1559.2271 | G5: 89.798846 | H5: 53.57 | I5: =G5*H5 -> 4810.5242 | J5: 17.835779 | K5: 57.5 | L5: =J5*K5 -> 1025.5573
A6: G0389 | B6: SER0412 | C6: APP0867-Recepció factura electrònica | D6: 200 | E6: 53.57 | F6: =D6*E6 -> 10714 | G6: 220 | H6: 53.57 | I6: =G6*H6 -> 11785.4 | J6: 63 | K6: 57.5 | L6: =J6*K6 -> 3622.5
A7: G0389 | B7: SER0412 | C7: APP0864-Emissio factura electrònica | D7: 36.492063 | E7: 53.57 | F7: =D7*E7 -> 1954.8798 | G7: 72.984127 | H7: 53.57 | I7: =G7*H7 -> 3909.7597 | J7: 16.421429 | K7: 57.5 | L7: =J7*K7 -> 944.23214
A8: G0389 | B8: SER0411 | C8: APP0866-FENS | D8: 20 | E8: 53.57 | F8: =D8*E8 -> 1071.4 | G8: 85 | H8: 53.57 | I8: =G8*H8 -> 4553.45 | J8: 15.75 | K8: 57.5 | L8: =J8*K8 -> 905.625
A9: G0389 | B9: SER0474 | C9: APP0896-Gestió de bestretes | D9: 103.671 | E9: 53.57 | F9: =D9*E9 -> 5553.6552 | G9: 434.23719 | H9: 53.57 | I9: =G9*H9 -> 23262.086 | J9: 80.686227 | K9: 57.5 | L9: =J9*K9 -> 4639.4581
A10: G0389 | B10: SER0473 | C10: APP0895-Expedients economics(core) | D10: 0 | E10: 53.57 | F10: =D10*E10 -> 0 | G10: 202.4 | H10: 53.57 | I10: =G10*H10 -> 10842.568 | J10: 30.36 | K10: 57.5 | L10: =J10*K10 -> 1745.7
A11: G0389 | B11: SER0038 | C11: APP0150-Compres | D11: 0 | E11: 53.57 | F11: =D11*E11 -> 0 | G11: 159.03 | H11: 53.57 | I11: =G11*H11 -> 8519.2371 | J11: 23.8545 | K11: 57.5 | L11: =J11*K11 -> 1371.6337 | N11: Varia de molt poc
A12: G0389 | B12: SER0474 | C12: APP0898-Autorització de viatges | D12: 0 | E12: 53.57 | F12: =D12*E12 -> 0 | G12: 0 | H12: 53.57 | I12: =G12*H12 -> 0 | J12: 0 | K12: 57.5 | L12: =J12*K12 -> 0
A13: GR | B13: SER0044 | C13: APP0262-eSubvencions | D13: 288.60029 | E13: 53.57 | F13: =D13*E13 -> 15460.317 | G13: 649.35065 | H13: 53.57 | I13: =G13*H13 -> 34785.714 | J13: 140.69264 | K13: 57.5 | L13: =J13*K13 -> 8089.8268 | M13: 43466
D14: =SUM(D3:D13) -> 1041.76 | F14: =SUM(F3:F13) -> 55807.082 | G14: =SUM(G3:G13) -> 3060.0014 | I14: =SUM(I3:I13) -> 163924.27 | J14: =SUM(J3:J13) -> 615.26421 | L14: =SUM(L3:L13) -> 35377.692
A16: A partir de 16/05/2018
A17: Contracte | B17: Servei | C17: Aplicació | D17: h Manteniment correctiu | E17: h A partir 16/05/2018 | F17: Preu/hora | G17: € Manteniment correctiu | H17: h Manteniment recurrent | I17: h A partir 16/05/2018 | J17: Preu/hora | K17: € Manteniment recurrent | L17: h OT | M17: h A partir 16/05/2018 | N17: Preu/hora | O17: € OT | P17: DATA INICI NOUS SERVEIS
A18: G0389 | B18: SER0044 | C18: APP0860-SAP Subvencions | D18: 75.29 | E18: =D18/365*197.5 -> 40.73911 | F18: 53.57 | G18: =E18*F18 -> 2182.3941 | H18: 570 | I18: =H18/365*197.5 -> 308.42466 | J18: 53.57 | K18: =I18*J18 -> 16522.309 | L18: 96.7935 | M18: =L18/365*197.5 -> 52.374565 | N18: 57.5 | O18: =M18*N18 -> 3011.5375
A19: G0389 | B19: SER0044 | C19: APP0861-SAP Convenis | D19: 288.60029 | E19: =D19/365*197.5 -> 156.16043 | F19: 53.57 | G19: =E19*F19 -> 8365.5142 | H19: 577.20058 | I19: =H19/365*197.5 -> 312.32086 | J19: 53.57 | K19: =I19*J19 -> 16731.028 | L19: 129.87013 | M19: =L19/365*197.5 -> 70.272194 | N19: 57.5 | O19: =M19*N19 -> 4040.6511
A20: G0389 | B20: SER0044 | C20: APP0943-Expedient bustia etica | D20: 29.106349 | E20: =D20/365*197.5 -> 15.749326 | F20: 53.57 | G20: =E20*F20 -> 843.69139 | H20: 89.798846 | I20: =H20/365*197.5 -> 48.589786 | J20: 53.57 | K20: =I20*J20 -> 2602.9549 | L20: 17.835779 | M20: =L20/365*197.5 -> 9.6508668 | N20: 57.5 | O20: =M20*N20 -> 554.92484
A21: G0389 | B21: SER0412 | C21: APP0867-Recepció factura electrònica | D21: 200 | E21: =D21/365*197.5 -> 108.21918 | F21: 53.57 | G21: =E21*F21 -> 5797.3014 | H21: 220 | I21: =H21/365*197.5 -> 119.0411 | J21: 53.57 | K21: =I21*J21 -> 6377.0315 | L21: 63 | M21: =L21/365*197.5 -> 34.089041 | N21: 57.5 | O21: =M21*N21 -> 1960.1199
A22: G0389 | B22: SER0412 | C22: APP0864-Emissio factura electrònica | D22: 36.492063 | E22: =D22/365*197.5 -> 19.745706 | F22: 53.57 | G22: =E22*F22 -> 1057.7774 | H22: 72.984127 | I22: =H22/365*197.5 -> 39.491411 | J22: 53.57 | K22: =I22*J22 -> 2115.5549 | L22: 16.421429 | M22: =L22/365*197.5 -> 8.8855675 | N22: 57.5 | O22: =M22*N22 -> 510.92013
A23: G0389 | B23: SER0411 | C23: APP0866-FENS | D23: 20 | E23: =D23/365*197.5 -> 10.821918 | F23: 53.57 | G23: =E23*F23 -> 579.73014 | H23: 85 | I23: =H23/365*197.5 -> 45.993151 | J23: 53.57 | K23: =I23*J23 -> 2463.8531 | L23: 15.75 | M23: =L23/365*197.5 -> 8.5222603 | N23: 57.5 | O23: =M23*N23 -> 490.02997
A24: G0389 | B24: SER0474 | C24: APP0896-Gestió de bestretes | D24: 103.671 | E24: =D24/365*197.5 -> 56.09595 | F24: 53.57 | G24: =E24*F24 -> 3005.06 | H24: 434.23719 | I24: =H24/365*197.5 -> 234.96396 | J24: 53.57 | K24: =I24*J24 -> 12587.019 | L24: 80.686227 | M24: =L24/365*197.5 -> 43.658986 | N24: 57.5 | O24: =M24*N24 -> 2510.3917
A25: G0389 | B25: SER0473 | C25: APP0895-Expedients economics(core) | D25: 0 | E25: =D25/365*197.5 -> 0 | F25: 53.57 | G25: =E25*F25 -> 0 | H25: 202.4 | I25: =H25/365*197.5 -> 109.51781 | J25: 53.57 | K25: =I25*J25 -> 5866.869 | L25: 30.36 | M25: =L25/365*197.5 -> 16.427671 | N25: 57.5 | O25: =M25*N25 -> 944.5911
A26: G0389 | B26: SER0038 | C26: APP0150-Compres | D26: 0 | E26: =D26/365*197.5 -> 0 | F26: 53.57 | G26: =E26*F26 -> 0 | H26: 159.03 | I26: =H26/365*197.5 -> 86.050479 | J26: 53.57 | K26: =I26*J26 -> 4609.7242 | L26: 23.8545 | M26: =L26/365*197.5 -> 12.907572 | N26: 57.5 | O26: =M26*N26 -> 742.18539 | Q26: Varia de molt poc
A27: G0389 | B27: SER0474 | C27: APP0898-Autorització de viatges | D27: 0 | E27: =D27/365*197.5 -> 0 | F27: 53.57 | G27: =E27*F27 -> 0 | H27: 0 | I27: =H27/365*197.5 -> 0 | J27: 53.57 | K27: =I27*J27 -> 0 | L27: 0 | M27: =L27/365*197.5 -> 0 | N27: 57.5 | O27: =M27*N27 -> 0
A28: GR | B28: SER0044 | C28: APP0262-eSubvencions | D28: 288.60029 | E28: =D28/365*197.5 -> 156.16043 | F28: 53.57 | G28: =E28*F28 -> 8365.5142 | H28: 649.35065 | I28: =H28/365*197.5 -> 351.36097 | J28: 53.57 | K28: =I28*J28 -> 18822.407 | L28: 140.69264 | M28: =L28/365*197.5 -> 76.12821 | N28: 57.5 | O28: =M28*N28 -> 4377.3721 | P28: 43466
E29: =SUM(E18:E28) -> 563.69205 | G29: =SUM(G18:G28) -> 30196.983 | I29: =SUM(I18:I28) -> 1655.7542 | K29: =SUM(K18:K28) -> 88698.751 | M29: =SUM(M18:M28) -> 332.91693 | O29: =SUM(O18:O28) -> 19142.724
A30: GERÈNCIA DE RECURSOS (GR) LOT2 SAP | B30: Glòria Santamaria | C30: 321139.87 | D30: =+C30*3 -> 963419.62 | G30: =+D30/36*M30*0.25 -> 13380.828 | H30: 0 | J30: =+D30+G30+H30 -> 976800.45 | K30: S | M30: 2 | N30: 43101 | O30: 43236 | P30: 43236 | Q30: 43297
F32: CORR-RECU-OT | G32: TRANS
E33: 2018 | F33: =G29+K29+O29 -> 138038.46 | G33: =G30 -> 13380.828
E34: 2019 | F34: =F14+I14+L14 -> 255109.05
E35: 2020 | F35: =F14+I14+L14 -> 255109.05
E36: 2021 | F36: =F14+I14+L14 -> 255109.05
F37: =SUM(F33:F36) -> 903365.6 | G37: =SUM(G33:G36) -> 13380.828 | H37: =F37+G37 -> 916746.43
A39: LOT 1
A40: Contracte | B40: Servei | C40: Aplicació | D40: h Manteniment correctiu | E40: Preu/hora | F40: € Manteniment correctiu | G40: h Manteniment recurrent | H40: Preu/hora | I40: € Manteniment recurrent | J40: h OT | K40: Preu/hora | L40: € OT | M40: DATA INICI NOUS SERVEIS
A41: G0389 | B41: SER0031 | C41: APP0176-COPERNICO | D41: 209.25492 | E41: 46.59 | F41: =D41*E41 -> 9749.1868 | G41: 982.79691 | H41: 49.95 | I41: =G41*H41 -> 49090.706 | J41: 178.80777 | K41: 57.5 | L41: =J41*K41 -> 10281.447
A42: G0389 | B42: SER0031 | C42: APP0719-Digitalització actes del plenari | D42: 72.916667 | E42: 46.59 | F42: =D42*E42 -> 3397.1875 | G42: 853.57417 | H42: 49.95 | I42: =G42*H42 -> 42636.03 | J42: 138.97362 | K42: 57.5 | L42: =J42*K42 -> 7990.9834
A43: G0389 | B43: SER0031 | C43: APP0295-GASETA | D43: 161.31323 | E43: 46.59 | F43: =D43*E43 -> 7515.5835 | G43: 739.83205 | H43: 49.95 | I43: =G43*H43 -> 36954.611 | J43: 135.17179 | K43: 57.5 | L43: =J43*K43 -> 7772.378
A44: G0389 | B44: SER0153 | C44: APP0668-Tauler d'Edictes | D44: 43.75 | E44: 46.59 | F44: =D44*E44 -> 2038.3125 | G44: 688.42667 | H44: 49.95 | I44: =G44*H44 -> 34386.912 | J44: 109.8265 | K44: 57.5 | L44: =J44*K44 -> 6315.0237
A45: G0080 | B45: SER0031 | C45: APP0233-eDecrets | D45: 63.135559 | E45: 46.59 | F45: =D45*E45 -> 2941.4857 | G45: 174.43309 | H45: 49.95 | I45: =G45*H45 -> 8712.933 | J45: 35.635298 | K45: 57.5 | L45: =J45*K45 -> 2049.0296
A46: G0080 | B46: SER0031 | C46: APP0942-eDecretIns | D46: 63.135559 | E46: 46.59 | F46: =D46*E46 -> 2941.4857 | G46: 174.43309 | H46: 49.95 | I46: =G46*H46 -> 8712.933 | J46: 35.635298 | K46: 57.5 | L46: =J46*K46 -> 2049.0296
A47: G0079 | B47: SER0031 | C47: APP0340-GPD | D47: 201.75654 | E47: 46.59 | F47: =D47*E47 -> 9399.8373 | G47: 498.38026 | H47: 49.95 | I47: =G47*H47 -> 24894.094 | J47: 105.02052 | K47: 57.5 | L47: =J47*K47 -> 6038.6799
A48: H0094 | B48: SER0031 | C48: Nou registre d'interessos | D48: 199.35211 | E48: 46.59 | F48: =D48*E48 -> 9287.8146 | G48: 375.47097 | H48: 49.95 | I48: =G48*H48 -> 18754.775 | J48: 86.223461 | K48: 57.5 | L48: =J48*K48 -> 4957.849
A49: G0519 | B49: SER0414 | C49: Nou sistema d'alcaldia | D49: 996.76053 | E49: 46.59 | F49: =D49*E49 -> 46439.073 | G49: 1993.5211 | H49: 49.95 | I49: =G49*H49 -> 99576.377 | J49: 448.54224 | K49: 57.5 | L49: =J49*K49 -> 25791.179 | M49: 43405
A50: Projecte nou | C50: Nou expedient de bustia etica | D50: 249.19013 | E50: 46.59 | F50: =D50*E50 -> 11609.768 | G50: 747.5704 | H50: 49.95 | I50: =G50*H50 -> 37341.141 | J50: 149.51408 | K50: 57.5 | L50: =J50*K50 -> 8597.0596 | M50: 43252
A51: Projecte nou | C51: Nou organismes municipals | D51: 124.59507 | E51: 46.59 | F51: =D51*E51 -> 5804.8841 | G51: 498.38026 | H51: 49.95 | I51: =G51*H51 -> 24894.094 | J51: 93.4463 | K51: 57.5 | L51: =J51*K51 -> 5373.1622 | M51: 43252
A52: Projecte nou | C52: Nou GRA | D52: 124.59507 | E52: 46.59 | F52: =D52*E52 -> 5804.8841 | G52: 498.38026 | H52: 49.95 | I52: =G52*H52 -> 24894.094 | J52: 93.4463 | K52: 57.5 | L52: =J52*K52 -> 5373.1622 | M52: 43252
A54: G0080 | B54: SER0031 | C54: APP0591-RIS Unions civils | D54: 10.601545 | E54: 46.59 | F54: =D54*E54 -> 493.92598 | G54: 0 | H54: 49.95 | I54: =G54*H54 -> 0 | J54: 1.5902317 | K54: 57.5 | L54: =J54*K54 -> 91.438325
A55: G0080 | B55: SER0027 | C55: APP0571-RecGUB | D55: 85.016197 | E55: 46.59 | F55: =D55*E55 -> 3960.9046 | G55: 0 | H55: 49.95 | I55: =G55*H55 -> 0 | J55: 12.75243 | K55: 57.5 | L55: =J55*K55 -> 733.2647
A56: G0074 | B56: SER0027 | C56: APP0579-RIS centralitzat | D56: 28.842263 | E56: 46.59 | F56: =D56*E56 -> 1343.761 | G56: 0 | H56: 49.95 | I56: =G56*H56 -> 0 | J56: 4.3263394 | K56: 57.5 | L56: =J56*K56 -> 248.76452
A57: G0080 | B57: SER0032 | C57: APP0341-GRA | D57: 0 | E57: 46.59 | F57: =D57*E57 -> 0 | G57: 0 | H57: 49.95 | I57: =G57*H57 -> 0 | J57: 0 | K57: 57.5 | L57: =J57*K57 -> 0
A58: G0080 | B58: SER0413 | C58: APP0702-VIPS | D58: 0 | E58: 46.59 | F58: =D58*E58 -> 0 | G58: 121.44256 | H58: 49.95 | I58: =G58*H58 -> 6066.056 | J58: 18.216384 | K58: 57.5 | L58: =J58*K58 -> 1047.4421
A59: G0080 | B59: SER0413 | C59: APP0900 - ORGA | D59: 0 | E59: 46.59 | F59: =D59*E59 -> 0 | G59: 0 | H59: 49.95 | I59: =G59*H59 -> 0 | J59: 0 | K59: 57.5 | L59: =J59*K59 -> 0
A60: G0080 | B60: SER0413 | C60: APP0899 SIAP | D60: 0 | E60: 46.59 | F60: =D60*E60 -> 0 | G60: 0 | H60: 49.95 | I60: =G60*H60 -> 0 | J60: 0 | K60: 57.5 | L60: =J60*K60 -> 0
A61: G0080 | B61: SER0413 | C61: APP0896 VERDI | D61: 0 | E61: 46.59 | F61: =D61*E61 -> 0 | G61: 0 | H61: 49.95 | I61: =G61*H61 -> 0 | J61: 0 | K61: 57.5 | L61: =J61*K61 -> 0
A62: G0080 | B62: SER0414 | C62: APP0592-RISPLUS | D62: 654.49265 | E62: 46.59 | F62: =D62*E62 -> 30492.813 | G62: 747.5704 | H62: 49.95 | I62: =G62*H62 -> 37341.141 | J62: 210.30946 | K62: 57.5 | L62: =J62*K62 -> 12092.794
A63: G0074 | B63: SER0414 | C63: APP0294-GALIOT consulta històric | D63: 25.73237 | E63: 46.59 | F63: =D63*E63 -> 1198.8711 | G63: 0 | H63: 49.95 | I63: =G63*H63 -> 0 | J63: 3.8598555 | K63: 57.5 | L63: =J63*K63 -> 221.94169
D64: =SUM(D41:D63) -> 3314.4404 | F64: =SUM(F41:F63) -> 154419.78 | G64: =SUM(G41:G63) -> 9094.2121 | I64: =SUM(I41:I63) -> 454255.9 | J64: =SUM(J41:J63) -> 1861.2979 | L64: =SUM(L41:L63) -> 107024.63
A66: A partir de 16/05/2018
A67: Contracte | B67: Servei | C67: Aplicació | D67: h Manteniment correctiu | E67: h A partir 16/05/2018 | F67: Preu/hora | G67: € Manteniment correctiu | H67: h Manteniment recurrent | I67: h A partir 16/05/2018 | J67: Preu/hora | K67: € Manteniment recurrent | L67: h OT | M67: h A partir 16/05/2018 | N67: Preu/hora | O67: € OT | P67: DATA INICI NOUS SERVEIS
A68: G0389 | B68: SER0031 | C68: APP0176-COPERNICO | D68: 209.25492 | E68: =D68/365*197.5 -> 113.22698 | F68: 46.59 | G68: =E68*F68 -> 5275.2449 | H68: 982.79691 | I68: =H68/365*197.5 -> 531.78737 | J68: 49.95 | K68: =I68*J68 -> 26562.779 | L68: 178.80777 | M68: =L68/365*197.5 -> 96.752152 | N68: 57.5 | O68: =M68*N68 -> 5563.2487
A69: G0389 | B69: SER0031 | C69: APP0719-Digitalització actes del plenari | D69: 72.916667 | E69: =D69/365*197.5 -> 39.454909 | F69: 46.59 | G69: =E69*F69 -> 1838.2042 | H69: 853.57417 | I69: =H69/365*197.5 -> 461.86547 | J69: 49.95 | K69: =I69*J69 -> 23070.18 | L69: 138.97362 | M69: =L69/365*197.5 -> 75.198057 | N69: 57.5 | O69: =M69*N69 -> 4323.8883
A70: G0389 | B70: SER0031 | C70: APP0295-GASETA | D70: 161.31323 | E70: =D70/365*197.5 -> 87.285927 | F70: 46.59 | G70: =E70*F70 -> 4066.6513 | H70: 739.83205 | I70: =H70/365*197.5 -> 400.32008 | J70: 49.95 | K70: =I70*J70 -> 19995.988 | L70: 135.17179 | M70: =L70/365*197.5 -> 73.140901 | N70: 57.5 | O70: =M70*N70 -> 4205.6018
A71: G0389 | B71: SER0153 | C71: APP0668-Tauler d'Edictes | D71: 43.75 | E71: =D71/365*197.5 -> 23.672945 | F71: 46.59 | G71: =E71*F71 -> 1102.9225 | H71: 688.42667 | I71: =H71/365*197.5 -> 372.50484 | J71: 49.95 | K71: =I71*J71 -> 18606.617 | L71: 109.8265 | M71: =L71/365*197.5 -> 59.426668 | N71: 57.5 | O71: =M71*N71 -> 3417.0334
A72: G0080 | B72: SER0031 | C72: APP0233-eDecrets | D72: 63.135559 | E72: =D72/365*197.5 -> 34.162392 | F72: 46.59 | G72: =E72*F72 -> 1591.6258 | H72: 174.43309 | I72: =H72/365*197.5 -> 94.385029 | J72: 49.95 | K72: =I72*J72 -> 4714.5322 | L72: 35.635298 | M72: =L72/365*197.5 -> 19.282113 | N72: 57.5 | O72: =M72*N72 -> 1108.7215
A73: G0080 | B73: SER0031 | C73: APP0942-eDecretIns | D73: 63.135559 | E73: =D73/365*197.5 -> 34.162392 | F73: 46.59 | G73: =E73*F73 -> 1591.6258 | H73: 174.43309 | I73: =H73/365*197.5 -> 94.385029 | J73: 49.95 | K73: =I73*J73 -> 4714.5322 | L73: 35.635298 | M73: =L73/365*197.5 -> 19.282113 | N73: 57.5 | O73: =M73*N73 -> 1108.7215
A74: G0079 | B74: SER0031 | C74: APP0340-GPD | D74: 201.75654 | E74: =D74/365*197.5 -> 109.16964 | F74: 46.59 | G74: =E74*F74 -> 5086.2133 | H74: 498.38026 | I74: =H74/365*197.5 -> 269.67151 | J74: 49.95 | K74: =I74*J74 -> 13470.092 | L74: 105.02052 | M74: =L74/365*197.5 -> 56.826172 | N74: 57.5 | O74: =M74*N74 -> 3267.5049
A75: H0094 | B75: SER0031 | C75: Nou registre d'interessos | D75: 199.35211 | E75: =D75/365*197.5 -> 107.86861 | F75: 46.59 | G75: =E75*F75 -> 5025.5983 | H75: 375.47097 | I75: =H75/365*197.5 -> 203.1658 | J75: 49.95 | K75: =I75*J75 -> 10148.132 | L75: 86.223461 | M75: =L75/365*197.5 -> 46.655161 | N75: 57.5 | O75: =M75*N75 -> 2682.6717
A76: G0519 | B76: SER0414 | C76: Nou sistema d'alcaldia | D76: 996.76053 | E76: =D76/365*197.5 -> 539.34303 | F76: 46.59 | G76: =E76*F76 -> 25127.992 | H76: 1993.5211 | I76: =H76/365*197.5 -> 1078.6861 | J76: 49.95 | K76: =I76*J76 -> 53880.368 | L76: 448.54224 | M76: =L76/365*197.5 -> 242.70436 | N76: 57.5 | O76: =M76*N76 -> 13955.501 | P76: 43405
A77: Projecte nou | C77: Nou expedient de bustia etica | D77: 249.19013 | E77: =D77/365*197.5 -> 134.83576 | F77: 46.59 | G77: =E77*F77 -> 6281.9979 | H77: 747.5704 | I77: =H77/365*197.5 -> 404.50727 | J77: 49.95 | K77: =I77*J77 -> 20205.138 | L77: 149.51408 | M77: =L77/365*197.5 -> 80.901454 | N77: 57.5 | O77: =M77*N77 -> 4651.8336 | P77: 43252
A78: Projecte nou | C78: Nou organismes municipals | D78: 124.59507 | E78: =D78/365*197.5 -> 67.417878 | F78: 46.59 | G78: =E78*F78 -> 3140.9989 | H78: 498.38026 | I78: =H78/365*197.5 -> 269.67151 | J78: 49.95 | K78: =I78*J78 -> 13470.092 | L78: 93.4463 | M78: =L78/365*197.5 -> 50.563409 | N78: 57.5 | O78: =M78*N78 -> 2907.396 | P78: 43252
A79: Projecte nou | C79: Nou GRA | D79: 124.59507 | E79: =D79/365*197.5 -> 67.417878 | F79: 46.59 | G79: =E79*F79 -> 3140.9989 | H79: 498.38026 | I79: =H79/365*197.5 -> 269.67151 | J79: 49.95 | K79: =I79*J79 -> 13470.092 | L79: 93.4463 | M79: =L79/365*197.5 -> 50.563409 | N79: 57.5 | O79: =M79*N79 -> 2907.396 | P79: 43252
A81: G0080 | B81: SER0031 | C81: APP0591-RIS Unions civils | D81: 10.601545 | E81: =D81/365*197.5 -> 5.7364524 | F81: 46.59 | G81: =E81*F81 -> 267.26132 | H81: 0 | I81: =H81/365*197.5 -> 0 | J81: 49.95 | K81: =I81*J81 -> 0 | L81: 1.5902317 | M81: =L81/365*197.5 -> 0.86046786 | N81: 57.5 | O81: =M81*N81 -> 49.476902
A82: G0080 | B82: SER0027 | C82: APP0571-RecGUB | D82: 85.016197 | E82: =D82/365*197.5 -> 46.001915 | F82: 46.59 | G82: =E82*F82 -> 2143.2292 | H82: 0 | I82: =H82/365*197.5 -> 0 | J82: 49.95 | K82: =I82*J82 -> 0 | L82: 12.75243 | M82: =L82/365*197.5 -> 6.9002873 | N82: 57.5 | O82: =M82*N82 -> 396.76652
A83: G0074 | B83: SER0027 | C83: APP0579-RIS centralitzat | D83: 28.842263 | E83: =D83/365*197.5 -> 15.60643 | F83: 46.59 | G83: =E83*F83 -> 727.10356 | H83: 0 | I83: =H83/365*197.5 -> 0 | J83: 49.95 | K83: =I83*J83 -> 0 | L83: 4.3263394 | M83: =L83/365*197.5 -> 2.3409645 | N83: 57.5 | O83: =M83*N83 -> 134.60546
A84: G0080 | B84: SER0032 | C84: APP0341-GRA | D84: 0 | E84: =D84/365*197.5 -> 0 | F84: 46.59 | G84: =E84*F84 -> 0 | H84: 0 | I84: =H84/365*197.5 -> 0 | J84: 49.95 | K84: =I84*J84 -> 0 | L84: 0 | M84: =L84/365*197.5 -> 0 | N84: 57.5 | O84: =M84*N84 -> 0
A85: G0080 | B85: SER0413 | C85: APP0702-VIPS | D85: 0 | E85: =D85/365*197.5 -> 0 | F85: 46.59 | G85: =E85*F85 -> 0 | H85: 121.44256 | I85: =H85/365*197.5 -> 65.712071 | J85: 49.95 | K85: =I85*J85 -> 3282.3179 | L85: 18.216384 | M85: =L85/365*197.5 -> 9.8568107 | N85: 57.5 | O85: =M85*N85 -> 566.76661
A86: G0080 | B86: SER0413 | C86: APP0900 - ORGA | D86: 0 | E86: =D86/365*197.5 -> 0 | F86: 46.59 | G86: =E86*F86 -> 0 | H86: 0 | I86: =H86/365*197.5 -> 0 | J86: 49.95 | K86: =I86*J86 -> 0 | L86: 0 | M86: =L86/365*197.5 -> 0 | N86: 57.5 | O86: =M86*N86 -> 0
A87: G0080 | B87: SER0413 | C87: APP0899 SIAP | D87: 0 | E87: =D87/365*197.5 -> 0 | F87: 46.59 | G87: =E87*F87 -> 0 | H87: 0 | I87: =H87/365*197.5 -> 0 | J87: 49.95 | K87: =I87*J87 -> 0 | L87: 0 | M87: =L87/365*197.5 -> 0 | N87: 57.5 | O87: =M87*N87 -> 0
A88: G0080 | B88: SER0413 | C88: APP0896 VERDI | D88: 0 | E88: =D88/365*197.5 -> 0 | F88: 46.59 | G88: =E88*F88 -> 0 | H88: 0 | I88: =H88/365*197.5 -> 0 | J88: 49.95 | K88: =I88*J88 -> 0 | L88: 0 | M88: =L88/365*197.5 -> 0 | N88: 57.5 | O88: =M88*N88 -> 0
A89: G0080 | B89: SER0414 | C89: APP0592-RISPLUS | D89: 654.49265 | E89: =D89/365*197.5 -> 354.14328 | F89: 46.59 | G89: =E89*F89 -> 16499.536 | H89: 747.5704 | I89: =H89/365*197.5 -> 404.50727 | J89: 49.95 | K89: =I89*J89 -> 20205.138 | L89: 210.30946 | M89: =L89/365*197.5 -> 113.79758 | N89: 57.5 | O89: =M89*N89 -> 6543.361
A90: G0074 | B90: SER0414 | C90: APP0294-GALIOT consulta històric | D90: 25.73237 | E90: =D90/365*197.5 -> 13.92368 | F90: 46.59 | G90: =E90*F90 -> 648.70423 | H90: 0 | I90: =H90/365*197.5 -> 0 | J90: 49.95 | K90: =I90*J90 -> 0 | L90: 3.8598555 | M90: =L90/365*197.5 -> 2.0885519 | N90: 57.5 | O90: =M90*N90 -> 120.09174
E91: =SUM(E68:E90) -> 1793.4301 | G91: =SUM(G68:G90) -> 83555.907 | I91: =SUM(I68:I90) -> 4920.8408 | K91: =SUM(K68:K90) -> 245796 | M91: =SUM(M68:M90) -> 1007.1406 | O91: =SUM(O68:O90) -> 57910.587
A92: GERÈNCIA DE RECURSOS (GR) LOT1 J2EE | B92: Glòria Santamaria | C92: 582484.78 | D92: =+C92*3 -> 1747454.3 | G92: =+D92/36*M92*0.25 -> 24270.199 | H92: 0 | J92: =+D92+G92+H92 -> 1771724.5 | K92: S | M92: 2 | N92: 43101 | O92: 43236 | P92: 43236 | Q92: 43297
F94: CORR-RECU-OT | G94: TRANS
E95: 2018 | F95: =G91+K91+O91 -> 387262.49 | G95: =G92 -> 24270.199
E96: 2019 | F96: =F64+I64+L64 -> 715700.3
E97: 2020 | F97: =F64+I64+L64 -> 715700.3
E98: 2021 | F98: =F64+I64+L64 -> 715700.3
F99: =SUM(F95:F98) -> 2534363.4 | G99: =SUM(G95:G98) -> 24270.199 | H99: =F99+G99 -> 2558633.6
A104: Queden fora els següents manteniments:
A105: GR | B105: SER0028 | C105: APP0360-Inmagic | G105: 6000
A106: GR | B106: SER0028 | C106: APP0859-Unicorn-hyperion | G106: 11459.83
A107: GR | B107: SER0028 | C107: APP0868-Albala | G107: 21244.99
A108: GR | B108: SER0044 | C108: APP0262-eSubvencions | G108: 60000
A109: GR | B109: Governança de serveis i projectes | G109: 170000
A110: GR | B110: Governança de gestió d'actius | G110: 44000
A111: GR | B111: Bustia etica | G111: 6000
...

Sheet Hoja2
